Workbook

Sheet Persoane Fizice
AO4: Anexa nr.5 la Regulamentul cu privire la cerințele de publicare a informațiilor de către bănci
A5: Informaţie privind condiţiile de acordare a creditelor pentru persoane fizice de către BC ProCredit Bank SA
A6: Denumirea informaţiei publicate | B6: Tipurile de credite acordate Persoanelor Fizice
B7: Credit de Consum Negarantat cu rată Fixă | L7: Credit de Consum Negarantat cu rată flotantă | V7: Credit de Consum Negarantat pentru venituri de peste hotare | AF7: Investment loan (Credite investiționale) | AP7: Housing loan (Credite imobiliare)
A8: 1. Moneda creditului | B8: MDL: | L8: MDL: | V8: MDL: | AF8: MDL sau USD/ EUR (indexat USX/EUX, echivalentul în MDL) | AP8: MDL sau USD/ EUR (indexat USX/EUX, echivalentul în MDL)
A9: 2. Valoarea totală a creditului în moneda națională (minimă / maximă) / valoarea totală a creditului în valută străină (minimă / maximă) | B9: max 400.000 MDL | L9: max 400.000 MDL | V9: 400 000 MDL dacă clientul deține un credit ipotecar în cadrul ProCredit Bank 200 000 MDL în restul cazurilor | AF9: min 20.000 EUR - max 100.000 EUR - echivalentul în MDL conform cursului oficial stabilit de către BNM la ziua aprobării creditului | AP9: max 750.000 EUR - echivalentul în MDL conform cursului oficial stabilit de către BNM la ziua aprobării creditulu
A10: 3. Rata dobânzii aferentă creditului (%), fixă / flotantă, în moneda naţională (minimă / maximă) / în valută străină (minimă / maximă), precum şi metoda de calculare a ratei dobânzii aferente creditului prin intermediul a cel puţin două exemple reprezentative** | B10: Valuta | G10: Rata | L10: Valuta | N10: Rata de referință | P10: Marimea ratei de referintă | R10: Marja | T10: Rata finală | V10: Valuta | AA10: Rata | AF10: Valuta | AH10: Rata de referință | AJ10: Marimea ratei de referintă | AL10: Marja | AN10: Rata finală | AP10: Valuta | AQ10: Rata de referință | AR10: Marimea ratei de referintă | AS10: Marja | AT10: Rata finală
AF11: MDL: | AH11: IRCC | AJ11: 0.0561 | AL11: 0.0464 | AN11: =AJ11+AL11 -> 0.1025 | AP11: MDL: | AQ11: IRCC | AR11: =P12 -> 0.0561 | AS11: 0.0389 | AT11: =AR11+AS11 -> 0.095
B12: MDL: | G12: 0.11 | L12: MDL: | N12: IRCC | P12: 0.0561 | R12: 0.0489 | T12: =R12+P12 -> 0.105 | V12: MDL: | AA12: 0.16 | AF12: USX: | AH12: 6MTermsofr USD+ | AJ12: 0.042691 | AL12: 0.04976 | AN12: =AL12+AJ12 -> 0.092451 | AP12: USX: | AQ12: 6MTermsofr USD+ | AR12: =AJ12 -> 0.042691 | AS12: 0.0448 | AT12: =AR12+AS12 -> 0.087491
AF13: EUX: | AH13: EURIBOR 6M | AJ13: 0.03074 | AL13: 0.0618 | AN13: =AL13+AJ13 -> 0.09254 | AP13: EUX: | AQ13: EURIBOR 6M | AR13: =AJ13 -> 0.03074 | AS13: 0.0568 | AT13: =AR13+AS13 -> 0.08754
B14: Fixă | L14: Flotantă | V14: Fixă | AF14: flotantă Pentru angajații din cadrul proiectelor salariale se va face reducere de 0.5 pp de la rata standard pentru creditele cu rata flotantă. | AP14: flotantă Pentru angajații din cadrul proiectelor salariale se va face reducere de 0.5 pp de la rata standard pentru creditele cu rata flotantă.
B17: =HYPERLINK(A100,"Rata flotantă, după acordarea creditului se modifică o dată la jumate de an în dependenţă de costul resurselor (6MTermsofr USDSOFR, EURIBOR6M, IRCC)") -> Rata flotantă, după acordarea creditului se modifică o dată la jumate de an în dependenţă de costul resurselor (6MTermsofr USDSOFR, EURIBOR6M, IRCC)
B18: D = S * I * t / 365 (366) *100 D- valoarea absolută a dobânzii; I – rata dobânzii (%); t- numărul de zile de utilizare a creditului Ex1 : (30 000 EUR * 6.00 * 30) / (365*100) = 147.94 EUR Ex2 : (500 000 MDL * 9.50 * 30) / (365*100) = 3.904 MDL
A19: 4. Durata contractului de credit în moneda naţională (minim / maxim) / durata contractului de credit în valută străină (minim / maxim) | B19: de la 3 luni până la 60 luni (în dependența de capacitatea de plată) | L19: de la 3 luni până la 60 luni (în dependența de capacitatea de plată) | V19: de la 3 luni până la 60 luni (în dependența de capacitatea de plată) | AF19: de la 3 luni până la 60 luni (în dependența de capacitatea de plată) | AP19: de la 12 luni până la 360 luni (în dependența de capacitatea de plată)
A20: 5. Alte plăţi decât rata dobânzii aferente creditului în monedă naţională / în valută străină, care sunt incluse în costul total al creditului | B20: Comision de acordare credit | F20: 0
B21: Comision de refinanțare | F21: 0
B22: Schimbarea gajului | F22: 0
B23: Restructurarea creditului | F23: 0
B24: Acord la aplicarea gajului de ordin 2 | F24: 0
A25: 6. Dobânda anuală efectivă a creditului în moneda naţională / în valută străină şi informaţia expusă la art. 4 punctul (3) din Legea nr. 202/2013, după caz | B25: =B7 -> Credit de Consum Negarantat cu rată Fixă | J25: =Sheet2!H7 -> 0.11562586 | L25: =L7 -> Credit de Consum Negarantat cu rată flotantă | T25: =Sheet2!Q7 -> 0.1101152 | V25: =V7 -> Credit de Consum Negarantat pentru venituri de peste hotare | AD25: =Sheet2!Z7 -> 0.17212779 | AF25: Investment Loan MDL DAE | AN25: 0.1073 | AP25: Housing Loan MDL DAE | AT25: =Sheet2!BJ7 -> 0.099171978
AF26: Investment Loan USX DAE | AN26: 0.0964 | AP26: Housing Loan USX DAE | AT26: =Sheet2!BS7 -> 0.091017035
AF27: Investment Loan EUX DAE | AN27: 0.0965 | AP27: Housing Loan EUX DAE | AT27: =Sheet2!CB7 -> 0.091070071
B28: DAE în MDL a fost calculată reieșind din suma creditului de 400,000 MDL pe un termen de 60 luni. | L28: DAE în MDL a fost calculată reieșind din suma creditului de 400,000 MDL pe un termen de 60 luni. | V28: DAE în MDL a fost calculată reieșind din suma creditului de 400,000 MDL pe un termen de 60 luni. | AF28: DAE în MDL a fost calculată reieșind din suma creditului de 400,000 MDL pe un termen de 60 luni. DAE în USX a fost calculată reieșind din suma creditului de 20,000 USD pe un termen de 60 luni. DAE în EUX a fost calculată reieșind din suma creditului de 20,000 EUR pe un termen de 60 luni. | AP28: DAE în MDL a fost calculată reieșind din suma creditului de 1,200.000 MDL pe un termen de 240 luni. DAE în USX a fost calculată reieșind din suma creditului de 60,000 USX pe un termen de 240 luni. DAE în EUX a fost calculată reieșind din suma creditului de 60,000 EUR pe un termen de 240 luni.
A29: 7. Modul (anuităţi, rate, integral) şi frecvenţa plăţilor | B29: Plăţi lunare Tip grafic (anuitate, rate lunare egale, flexibil)
A30: 8. Documentele necesare pentru obţinerea creditului | B30: - Buletin de identitate - cerere de acordare a creditului - adeverinţa de salariu (şi/sau alte documente confirmative privind existenţa şi provenienţa surselor de venit suplimentare) - contractul de muncă (după caz) - documente asupra bunurilor propuse în gaj - alte acte solicitare de Bancă
A31: 9. Formele de asigurare ale creditului acceptate de bancă | B31: Fără garant, fără gaj, pentru nevoi personale | L31: =B31 -> Fără garant, fără gaj, pentru nevoi personale | V31: =B31 -> Fără garant, fără gaj, pentru nevoi personale | AF31: Bunuri imobile, mijloace de transport, depozit bancar, fidejusiune (garanţie persoană fizică / juridică), alte bunuri mobile (după caz) | AP31: Bunuri imobile, depozit bancar, fidejusiune (garanţie persoană fizică / juridică), alte bunuri mobile (după caz)
A32: 10. Efectele rambursării anticipate, precum şi penalităţile aferente contractului de credit | B32: Comision pentru rambursare anticipată 0% Penalitate la rata neachitată 0,1% pe zi aplicată din capitalul restant.
A33: 11. Condiţiile în care rata dobânzii se poate modifica | B33: Banca este în drept să modifice în mod unilateral rata dobânzii stabilită conform contractului de credit fiecare 6 luni, în dependență de:
B34: =HYPERLINK(A100,"• Schimbarea 6MTermSOFR USD/ New EURIBOR/ IRCC") -> • Schimbarea 6MTermSOFR USD/ New EURIBOR/ IRCC
A35: 12. Menţionarea faptului că la creditele acordate în valută străină sau în moneda naţională ataşate la cursul valutei străine plăţile se vor modifica în funcţie de evoluţia cursului leului moldovenesc faţă de valutele străine, în cazul în care plăţile vor fi efectuate în moneda naţională | B35: N/A | L35: =B35 -> N/A | V35: =B35 -> N/A | AF35: Pentru creditele atașate la valută suma plăților în lei moldovenești se va modifica în funcție de evoluția cursului leului moldovenesc fața de valuta străină
A36: 13. Modalitatea de aplicare a cursului valutar la efectuarea plăţilor aferente creditelor acordate în valuta străină sau în moneda naţională ataşate la cursul valutei străine | B36: N/A | L36: =B36 -> N/A | V36: =B36 -> N/A | AF36: 1. Conform cursului comercial fără numerar al Băncii la data achitării 2. Conform cursului oficial a Bancii Nationale a Moldova
B37: Categoria de bunuri
B38: Bunuri imobile cu destinație rezidențială | AM38: Tarif, MDL | AP38: Conditii speciale
B39: Apartamente, mun. Chișinău și suburbie | AM39: 1300
B40: Apartamente, alte regiuni | AM40: 1600
B41: Case de locuit individuale (+Căsuțe de vacanță),mun. Chișinău și suburbie | AM41: 2000 | AP41: Cu constructii accesorii
AM42: 1900 | AP42: Fara constructii accesorii
B43: Case de locuit individuale (Căsuțe de vacanță) , alte regiuni | AM43: 2300 | AP43: Cu constructii accesorii
AM44: 2100 | AP44: Fara constructii accesorii
B45: Garaj, loc de parcare mun. Chișinău și suburbie | AM45: 1200
B46: Garaj, loc de parcare, alte regiuni | AM46: 1400
B47: Loturi de teren | AM47: Tarif, MDL | AP47: Conditii speciale
B48: Destinație rezidențială (pina la 0,15 ha) mun. Chișinău și suburbie | AM48: 1300 | AP48: +100 lei/ ar, cel mult 2700 lei
B49: Destinație rezidențială (pina la 0,15 ha), alte regiuni | AM49: 1500
B50: Destinație comercială (pina la 0,15 ha) mun. Chișinău și suburbie | AM50: 1400
B51: Destinație comercială (pina la 0,15 ha), alte regiuni | AM51: 1600
B52: Agricole, 1-2 num. cadastrale | AM52: 900 | AP52: pret/numar cadastral
B53: Agricole, 3-10 num. cadastrale | AM53: 400 | AP53: pret/numar cadastral
A54: 14. Alte comisioane legate de activitatea de creditare (Se percepe în momentul adresării cu contul spre plată, la ghișeele băncii, includ TVA) | B54: Agricole, 11-20 num. cadastrale | AM54: 350 | AP54: pret/numar cadastral
B55: Agricole, 21-30 num. cadastrale | AM55: 300 | AP55: pret/numar cadastral
B56: Agricole, 31-100 num. cadastrale | AM56: 180 | AP56: pret/numar cadastral
B57: Agricole, mai mult de 100 num. cadastrale | AM57: 120 | AP57: pret/numar cadastral
B58: Plantatii perene (vie, livezi) 1-2 num. cadastrale | AM58: 1300/nr.cad | AP58: fără sistem de irigare și utilaj suplimentar
B59: Plantatii perene (vie, livezi) 3-10 num. cadastrale | AM59: 550/nr.cad
B60: Plantatii perene (vie, livezi)11-20 num. cadastrale | AM60: 500/nr.cad
B61: Plantatii perene (vie, livezi) 21-30 num. cadastrale | AM61: 450/nr.cad
B62: Plantatii perene (vie, livezi)mai mari de 20 ha | AM62: 450/nr.cad
B63: Bunuri imobile cu destinație comercială (incăperi comerciale, restaurante, oficii, magazine), Suprafata utila | AM63: Tarif, MDL | AP63: Conditii speciale
B64: pînă la 100 m.p. | AM64: 1800 | AP64: pret fara teren.
B65: 101-200 m.p. | AM65: 2100
B66: 201-400 m.p. | AM66: 2400
B67: 401-600 m.p. | AM67: 2900
B68: 601-800 m.p. | AM68: 3300
B69: 801-1000 m.p. | AM69: 3800
B70: 1001-2000 m.p. | AM70: 4700
B71: 2001-3000 m.p. | AM71: 5500
B72: 3001-4000 m.p. | AM72: 6700
B73: 4001-5000 m.p. | AM73: 7500
B74: mai mare de 5001 m.p. | AM74: negociabil
B75: Bunuri imobile cu destinație industrială (depozite, încăperi de producere), Suprafata utila | AM75: Tarif, MDL | AP75: Conditii speciale
B76: pînă la 300 m.p. | AM76: 2200 | AP76: pret fara teren.
B77: 301-600 m.p. | AM77: 2700
B78: 601-900 m.p. | AM78: 3200
B79: 901-1200 m.p. | AM79: 3700
B80: 1201-1800 m.p. | AM80: 4600
B81: 1801-2400 m.p. | AM81: 5000
B82: 2401-4000 m.p. | AM82: 6000
B83: 4001-6000 m.p. | AM83: 7000
B84: mai mare de 6001 m.p. | AM84: negociabil
B85: Stații de alimentare PECO | AM85: 3500-6000 | AP85: fara utilaj
B86: Mașini, echipamente, instalații | AM86: Pret, unitate
B87: Autoturisme | AM87: 1100
B88: Remorci, semiremorci | AM88: 800
B89: Tehnica agricola | AM89: 800
B90: Autobuse, camioane, autotractoare, tractoare | AM90: 1400
B91: Vehicule speciale (excavatoare, macarale, etc) | AM91: 1400
B92: Utilaj de serie | AM92: 800
B93: Linii de producere | AM93: De la 2000
B94: Echipament, per unitate | AM94: 300-500
B95: Panouri fotovoltaice (Parc fotovoltaic) pina la 150 kw | AM95: 7000
B96: Panouri fotovoltaice (Parc fotovoltaic) 151-300 kw | AM96: 8000
B97: Panouri fotovoltaice (Parc fotovoltaic) 301-1000 kw | AM97: 9000
B98: Panouri fotovoltaice (Parc fotovoltaic)mai muld de 1000 kw | AM98: negociabil
A99: https://procreditbank.md/sites/default/files/Condi%C5%A3iile%20de%20creditare%20a%20persoanelor%20fizice.pdf
A100: https://procreditbank.md/ro/rate_referinta_pf
A102: Notă: Informaţia este publicată conform prevederilor Regulamentul cu privire la cerințele de publicare a informațiilor de către bănci.
A104: Lista de preturi a fost aprobată prin decizia Comitetului de Active şi Pasive al B.C. ProCredit Bank S.A. din 06.10.2026
A106: =HYPERLINK(A99,"Condițiile de acordare a creditelor") -> Condițiile de acordare a creditelor
A107: Semnătura:
A108: Conducătorul organului executiv al băncii: Irina Coroi-Jovmir Preşedintele Comitetului de Conducere
...

Sheet Sheet2
B1: ='Persoane Fizice'!B7 -> Credit de Consum Negarantat cu rată Fixă | K1: ='Persoane Fizice'!L7 -> Credit de Consum Negarantat cu rată flotantă | T1: ='Persoane Fizice'!V7 -> Credit de Consum Negarantat pentru venituri de peste hotare | AC1: ='Persoane Fizice'!AF7 -> Investment loan (Credite investiționale) | AG1: ='Persoane Fizice'!AF11 -> MDL: | AL1: Investment loan (Credite investiționale) | AP1: USX | AU1: Investment loan (Credite investiționale) | AY1: EUX | BD1: ='Persoane Fizice'!AP7 -> Housing loan (Credite imobiliare) | BH1: MDL | BM1: Housing loan (Credite imobiliare) | BQ1: USX | BV1: Housing loan (Credite imobiliare) | BZ1: EUX
B2: Calculator de Credit | K2: Calculator de Credit | T2: Calculator de Credit | AC2: Calculator de Credit | AL2: Calculator de Credit | AU2: Calculator de Credit | BD2: Calculator de Credit | BM2: Calculator de Credit | BV2: Calculator de Credit
B5: Suma creditului | D5: 400000 | F5: Plata lunară | H5: =-PMT(D7/12,D6,D5,0)+D9 -> 8696.9692 | K5: Suma creditului | M5: =D5 -> 400000 | O5: Plata lunară | Q5: =-PMT(M7/12,M6,M5,0)+M9 -> 8597.5602 | T5: Suma creditului | V5: =M5 -> 400000 | X5: Plata lunară | Z5: =-PMT(V7/12,V6,V5,0)+V9 -> 9727.2228 | AC5: Suma creditului | AE5: =V5 -> 400000 | AG5: Plata lunară | AI5: =-PMT(AE7/12,AE6,AE5,0)+AE9 -> 8548.1055 | AL5: Suma creditului | AN5: =20000 -> 20000 | AP5: Plata lunară | AR5: =-PMT(AN7/12,AN6,AN5,0)+AN9 -> 417.55024 | AU5: Suma creditului | AW5: =AN5 -> 20000 | AY5: Plata lunară | BA5: =-PMT(AW7/12,AW6,AW5,0)+AW9 -> 417.63693 | BD5: Suma creditului | BF5: 1200000 | BH5: Plata lunară | BJ5: =-PMT(BF7/12,BF6,BF5,0)+BF9 -> 11185.574 | BM5: Suma creditului | BO5: 60000 | BQ5: Plata lunară | BS5: =-PMT(BO7/12,BO6,BO5,0)+BO9 -> 530.19197 | BV5: Suma creditului | BX5: 60000 | BZ5: Plata lunară | CB5: =-PMT(BX7/12,BX6,BX5,0)+BX9 -> 530.37957
B6: Termen, luni | D6: 60 | F6: Total spre plată | H6: =H14 -> 521818.15 | K6: Termen, luni | M6: =D6 -> 60 | O6: Total spre plată | Q6: =Q14 -> 515853.61 | T6: Termen, luni | V6: =M6 -> 60 | X6: Total spre plată | Z6: =Z14 -> 583633.37 | AC6: Termen, luni | AE6: =V6 -> 60 | AG6: Total spre plată | AI6: =AI14 -> 512886.33 | AL6: Termen, luni | AN6: 60 | AP6: Total spre plată | AR6: =AR14 -> 25053.014 | AU6: Termen, luni | AW6: =AN6 -> 60 | AY6: Total spre plată | BA6: =BA14 -> 25058.216 | BD6: Termen, luni | BF6: 240 | BH6: Total spre plată | BJ6: =BJ14 -> 2684537.8 | BM6: Termen, luni | BO6: 240 | BQ6: Total spre plată | BS6: =BS14 -> 127246.07 | BV6: Termen, luni | BX6: 240 | BZ6: Total spre plată | CB6: =CB14 -> 127291.1
B7: Dobânda nominală | D7: ='Persoane Fizice'!G12 -> 0.11 | F7: Dobânda anuală efectivă | H7: {=IFERROR(XIRR(IF(H15:H389="",0,H15:H389),IF(C15:C389="",0,C15:C389)),"Eroare")} -> 0.11562586 | K7: Dobânda nominală | M7: ='Persoane Fizice'!T12 -> 0.105 | O7: Dobânda anuală efectivă | Q7: {=IFERROR(XIRR(IF(Q15:Q389="",0,Q15:Q389),IF(L15:L389="",0,L15:L389)),"Eroare")} -> 0.1101152 | T7: Dobânda nominală | V7: ='Persoane Fizice'!AA12 -> 0.16 | X7: Dobânda anuală efectivă | Z7: {=IFERROR(XIRR(IF(Z15:Z389="",0,Z15:Z389),IF(U15:U389="",0,U15:U389)),"Eroare")} -> 0.17212779 | AC7: Dobânda nominală | AE7: ='Persoane Fizice'!AN11 -> 0.1025 | AG7: Dobânda anuală efectivă | AI7: {=IFERROR(XIRR(IF(AI15:AI389="",0,AI15:AI389),IF(AD15:AD389="",0,AD15:AD389)),"Eroare")} -> 0.10736924 | AL7: Dobânda nominală | AN7: ='Persoane Fizice'!AN12 -> 0.092451 | AP7: Dobânda anuală efectivă | AR7: {=IFERROR(XIRR(IF(AR15:AR389="",0,AR15:AR389),IF(AM15:AM389="",0,AM15:AM389)),"Eroare")} -> 0.096394223 | AU7: Dobânda nominală | AW7: ='Persoane Fizice'!AN13 -> 0.09254 | AY7: Dobânda anuală efectivă | BA7: {=IFERROR(XIRR(IF(BA15:BA389="",0,BA15:BA389),IF(AV15:AV389="",0,AV15:AV389)),"Eroare")} -> 0.096490985 | BD7: Dobânda nominală | BF7: ='Persoane Fizice'!AT11 -> 0.095 | BH7: Dobânda anuală efectivă | BJ7: {=IFERROR(XIRR(IF(BJ15:BJ389="",0,BJ15:BJ389),IF(BE15:BE389="",0,BE15:BE389)),"Eroare")} -> 0.099171978 | BM7: Dobânda nominală | BO7: ='Persoane Fizice'!AT12 -> 0.087491 | BQ7: Dobânda anuală efectivă | BS7: {=IFERROR(XIRR(IF(BS15:BS389="",0,BS15:BS389),IF(BN15:BN389="",0,BN15:BN389)),"Eroare")} -> 0.091017035 | BV7: Dobânda nominală | BX7: ='Persoane Fizice'!AT13 -> 0.08754 | BZ7: Dobânda anuală efectivă | CB7: {=IFERROR(XIRR(IF(CB15:CB389="",0,CB15:CB389),IF(BW15:BW389="",0,BW15:BW389)),"Eroare")} -> 0.091070071
B8: Comision de debursare | D8: 0 | K8: Comision de debursare | M8: 0 | T8: Comision de debursare | V8: 0 | AC8: Comision de debursare | AE8: 0 | AL8: Comision de debursare | AN8: 0 | AU8: Comision de debursare | AW8: 0 | BD8: Comision de debursare | BF8: 0 | BM8: Comision de debursare | BO8: 0 | BV8: Comision de debursare | BX8: 0
B9: Comision lunar pentru mentenanță set servicii Bancare | D9: 0 | K9: Comision lunar pentru mentenanță set servicii Bancare | M9: 0 | T9: Comision lunar pentru mentenanță set servicii Bancare | V9: 0 | AC9: Comision lunar pentru mentenanță set servicii Bancare | AE9: 0 | AL9: Comision lunar pentru mentenanță set servicii Bancare | AN9: 0 | AU9: Comision lunar pentru mentenanță set servicii Bancare | AW9: 0 | BD9: Comision lunar pentru mentenanță set servicii Bancare | BF9: 0 | BM9: Comision lunar pentru mentenanță set servicii Bancare | BO9: 0 | BV9: Comision lunar pentru mentenanță set servicii Bancare | BX9: 0
B10: Data acordării | D10: 46310 | K10: Data acordării | M10: =D10 -> 46310 | T10: Data acordării | V10: =M10 -> 46310 | AC10: Data acordării | AE10: =V10 -> 46310 | AL10: Data acordării | AN10: =AE10 -> 46310 | AU10: Data acordării | AW10: =AN10 -> 46310 | BD10: Data acordării | BF10: =AW10 -> 46310 | BM10: Data acordării | BO10: =BF10 -> 46310 | BV10: Data acordării | BX10: =BO10 -> 46310
B13: Nr. Rată | C13: Data | D13: Sold | E13: Rambursări din capital | F13: Dobânda | G13: Comision lunar pentru mentenanță set servicii Bancare | H13: Plăţi totale | K13: Nr. Rată | L13: Data | M13: Sold | N13: Rambursări din capital | O13: Dobânda | P13: Comision lunar pentru mentenanță set servicii Bancare | Q13: Plăţi totale | T13: Nr. Rată | U13: Data | V13: Sold | W13: Rambursări din capital | X13: Dobânda | Y13: Comision lunar pentru mentenanță set servicii Bancare | Z13: Plăţi totale | AC13: Nr. Rată | AD13: Data | AE13: Sold | AF13: Rambursări din capital | AG13: Dobânda | AH13: Comision lunar pentru mentenanță set servicii Bancare | AI13: Plăţi totale | AL13: Nr. Rată | AM13: Data | AN13: Sold | AO13: Rambursări din capital | AP13: Dobânda | AQ13: Comision lunar pentru mentenanță set servicii Bancare | AR13: Plăţi totale | AU13: Nr. Rată | AV13: Data | AW13: Sold | AX13: Rambursări din capital | AY13: Dobânda | AZ13: Comision lunar pentru mentenanță set servicii Bancare | BA13: Plăţi totale | BD13: Nr. Rată | BE13: Data | BF13: Sold | BG13: Rambursări din capital | BH13: Dobânda | BI13: Comision lunar pentru mentenanță set servicii Bancare | BJ13: Plăţi totale | BM13: Nr. Rată | BN13: Data | BO13: Sold | BP13: Rambursări din capital | BQ13: Dobânda | BR13: Comision lunar pentru mentenanță set servicii Bancare | BS13: Plăţi totale | BV13: Nr. Rată | BW13: Data | BX13: Sold | BY13: Rambursări din capital | BZ13: Dobânda | CA13: Comision lunar pentru mentenanță set servicii Bancare | CB13: Plăţi totale
B14: Totaluri | E14: =SUM(E16:E389) -> 400000 | F14: =SUM(F16:F389) -> 121818.15 | G14: =SUM(G16:G389) -> 0 | H14: =SUM(H16:H389) -> 521818.15 | K14: Totaluri | N14: =SUM(N16:N389) -> 400000 | O14: =SUM(O16:O389) -> 115853.61 | P14: =SUM(P16:P389) -> 0 | Q14: =SUM(Q16:Q389) -> 515853.61 | T14: Totaluri | W14: =SUM(W16:W389) -> 400000 | X14: =SUM(X16:X389) -> 183633.37 | Y14: =SUM(Y16:Y389) -> 0 | Z14: =SUM(Z16:Z389) -> 583633.37 | AC14: Totaluri | AF14: =SUM(AF16:AF389) -> 400000 | AG14: =SUM(AG16:AG389) -> 112886.33 | AH14: =SUM(AH16:AH389) -> 0 | AI14: =SUM(AI16:AI389) -> 512886.33 | AL14: Totaluri | AO14: =SUM(AO16:AO389) -> 20000 | AP14: =SUM(AP16:AP389) -> 5053.0144 | AQ14: =SUM(AQ16:AQ389) -> 0 | AR14: =SUM(AR16:AR389) -> 25053.014 | AU14: Totaluri | AX14: =SUM(AX16:AX389) -> 20000 | AY14: =SUM(AY16:AY389) -> 5058.2157 | AZ14: =SUM(AZ16:AZ389) -> 0 | BA14: =SUM(BA16:BA389) -> 25058.216 | BD14: Totaluri | BG14: =SUM(BG16:BG389) -> 1200000 | BH14: =SUM(BH16:BH389) -> 1484537.8 | BI14: =SUM(BI16:BI389) -> 0 | BJ14: =SUM(BJ16:BJ389) -> 2684537.8 | BM14: Totaluri | BP14: =SUM(BP16:BP389) -> 60000 | BQ14: =SUM(BQ16:BQ389) -> 67246.073 | BR14: =SUM(BR16:BR389) -> 0 | BS14: =SUM(BS16:BS389) -> 127246.07 | BV14: Totaluri | BY14: =SUM(BY16:BY389) -> 60000 | BZ14: =SUM(BZ16:BZ389) -> 67291.097 | CA14: =SUM(CA16:CA389) -> 0 | CB14: =SUM(CB16:CB389) -> 127291.1
B15: 0 | C15: =D10 -> 46310 | D15: =D5 -> 400000 | H15: =-D15*(1-D8) -> -400000 | K15: 0 | L15: =M10 -> 46310 | M15: =M5 -> 400000 | Q15: =-M15*(1-M8) -> -400000 | T15: 0 | U15: =V10 -> 46310 | V15: =V5 -> 400000 | Z15: =-V15*(1-V8) -> -400000 | AC15: 0 | AD15: =AE10 -> 46310 | AE15: =AE5 -> 400000 | AI15: =-AE15*(1-AE8) -> -400000 | AL15: 0 | AM15: =AN10 -> 46310 | AN15: =AN5 -> 20000 | AR15: =-AN15*(1-AN8) -> -20000 | AU15: 0 | AV15: =AW10 -> 46310 | AW15: =AW5 -> 20000 | BA15: =-AW15*(1-AW8) -> -20000 | BD15: 0 | BE15: =BF10 -> 46310 | BF15: =BF5 -> 1200000 | BJ15: =-BF15*(1-BF8) -> -1200000 | BM15: 0 | BN15: =BO10 -> 46310 | BO15: =BO5 -> 60000 | BS15: =-BO15*(1-BO8) -> -60000 | BV15: 0 | BW15: =BX10 -> 46310 | BX15: =BX5 -> 60000 | CB15: =-BX15*(1-BX8) -> -60000
B16: =IF(B15<D$6,B15+1,"") -> 1 | C16: =IF(B16<=D$6,EDATE($D$10,B16),"") -> 46341 | D16: =IF(B16<=D$6,D15-E16,"") -> 394969.7 | E16: =IF(B16<=D$6,-PPMT(D$7/12,B16,D$6,D$5,0),"") -> 5030.3026 | F16: =IF(B16<=D$6,-IPMT(D$7/12,B16,D$6,D$5,0),"") -> 3666.6667 | G16: =J16 -> 0 | H16: =IF(B16<=D$6,SUM(E16:G16),"") -> 8696.9692 | K16: =IF(K15<M$6,K15+1,"") -> 1 | L16: =IF(K16<=M$6,EDATE($D$10,K16),"") -> 46341 | M16: =IF(K16<=M$6,M15-N16,"") -> 394902.44 | N16: =IF(K16<=M$6,-PPMT(M$7/12,K16,M$6,M$5,0),"") -> 5097.5602 | O16: =IF(K16<=M$6,-IPMT(M$7/12,K16,M$6,M$5,0),"") -> 3500 | P16: =S16 -> 0 | Q16: =IF(K16<=M$6,SUM(N16:P16),"") -> 8597.5602 | T16: =IF(T15<V$6,T15+1,"") -> 1 | U16: =IF(T16<=V$6,EDATE($D$10,T16),"") -> 46341 | V16: =IF(T16<=V$6,V15-W16,"") -> 395606.11 | W16: =IF(T16<=V$6,-PPMT(V$7/12,T16,V$6,V$5,0),"") -> 4393.8895 | X16: =IF(T16<=V$6,-IPMT(V$7/12,T16,V$6,V$5,0),"") -> 5333.3333 | Y16: =AB16 -> 0 | Z16: =IF(T16<=V$6,SUM(W16:Y16),"") -> 9727.2228 | AC16: =IF(AC15<AE$6,AC15+1,"") -> 1 | AD16: =IF(AC16<=AE$6,EDATE($D$10,AC16),"") -> 46341 | AE16: =IF(AC16<=AE$6,AE15-AF16,"") -> 394868.56 | AF16: =IF(AC16<=AE$6,-PPMT(AE$7/12,AC16,AE$6,AE$5,0),"") -> 5131.4389 | AG16: =IF(AC16<=AE$6,-IPMT(AE$7/12,AC16,AE$6,AE$5,0),"") -> 3416.6667 | AH16: =AK16 -> 0 | AI16: =IF(AC16<=AE$6,SUM(AF16:AH16),"") -> 8548.1055 | AL16: =IF(AL15<AN$6,AL15+1,"") -> 1 | AM16: =IF(AL16<=AN$6,EDATE($D$10,AL16),"") -> 46341 | AN16: =IF(AL16<=AN$6,AN15-AO16,"") -> 19736.535 | AO16: =IF(AL16<=AN$6,-PPMT(AN$7/12,AL16,AN$6,AN$5,0),"") -> 263.46524 | AP16: =IF(AL16<=AN$6,-IPMT(AN$7/12,AL16,AN$6,AN$5,0),"") -> 154.085 | AQ16: =AT16 -> 0 | AR16: =IF(AL16<=AN$6,SUM(AO16:AQ16),"") -> 417.55024 | AU16: =IF(AU15<AW$6,AU15+1,"") -> 1 | AV16: =IF(AU16<=AW$6,EDATE($D$10,AU16),"") -> 46341 | AW16: =IF(AU16<=AW$6,AW15-AX16,"") -> 19736.596 | AX16: =IF(AU16<=AW$6,-PPMT(AW$7/12,AU16,AW$6,AW$5,0),"") -> 263.40359 | AY16: =IF(AU16<=AW$6,-IPMT(AW$7/12,AU16,AW$6,AW$5,0),"") -> 154.23333 | AZ16: =BC16 -> 0 | BA16: =IF(AU16<=AW$6,SUM(AX16:AZ16),"") -> 417.63693 | BD16: =IF(BD15<BF$6,BD15+1,"") -> 1 | BE16: =IF(BD16<=BF$6,EDATE($D$10,BD16),"") -> 46341 | BF16: =IF(BD16<=BF$6,BF15-BG16,"") -> 1198314.4 | BG16: =IF(BD16<=BF$6,-PPMT(BF$7/12,BD16,BF$6,BF$5,0),"") -> 1685.5743 | BH16: =IF(BD16<=BF$6,-IPMT(BF$7/12,BD16,BF$6,BF$5,0),"") -> 9500 | BI16: =BL16 -> 0 | BJ16: =IF(BD16<=BF$6,SUM(BG16:BI16),"") -> 11185.574 | BM16: =IF(BM15<BO$6,BM15+1,"") -> 1 | BN16: =IF(BM16<=BO$6,EDATE($D$10,BM16),"") -> 46341 | BO16: =IF(BM16<=BO$6,BO15-BP16,"") -> 59907.263 | BP16: =IF(BM16<=BO$6,-PPMT(BO$7/12,BM16,BO$6,BO$5,0),"") -> 92.73697 | BQ16: =IF(BM16<=BO$6,-IPMT(BO$7/12,BM16,BO$6,BO$5,0),"") -> 437.455 | BR16: =BU16 -> 0 | BS16: =IF(BM16<=BO$6,SUM(BP16:BR16),"") -> 530.19197 | BV16: =IF(BV15<BX$6,BV15+1,"") -> 1 | BW16: =IF(BV16<=BX$6,EDATE($D$10,BV16),"") -> 46341 | BX16: =IF(BV16<=BX$6,BX15-BY16,"") -> 59907.32 | BY16: =IF(BV16<=BX$6,-PPMT(BX$7/12,BV16,BX$6,BX$5,0),"") -> 92.679572 | BZ16: =IF(BV16<=BX$6,-IPMT(BX$7/12,BV16,BX$6,BX$5,0),"") -> 437.7 | CA16: =CD16 -> 0 | CB16: =IF(BV16<=BX$6,SUM(BY16:CA16),"") -> 530.37957
B17: =IF(B16<D$6,B16+1,"") -> 2 | C17: =IF(B17<=D$6,EDATE($D$10,B17),"") -> 46371 | D17: =IF(B17<=D$6,D16-E17,"") -> 389893.28 | E17: =IF(B17<=D$6,-PPMT(D$7/12,B17,D$6,D$5,0),"") -> 5076.4137 | F17: =IF(B17<=D$6,-IPMT(D$7/12,B17,D$6,D$5,0),"") -> 3620.5556 | G17: =J17 -> 0 | H17: =IF(B17<=D$6,SUM(E17:G17),"") -> 8696.9692 | K17: =IF(K16<M$6,K16+1,"") -> 2 | L17: =IF(K17<=M$6,EDATE($D$10,K17),"") -> 46371 | M17: =IF(K17<=M$6,M16-N17,"") -> 389760.28 | N17: =IF(K17<=M$6,-PPMT(M$7/12,K17,M$6,M$5,0),"") -> 5142.1638 | O17: =IF(K17<=M$6,-IPMT(M$7/12,K17,M$6,M$5,0),"") -> 3455.3963 | P17: =S17 -> 0 | Q17: =IF(K17<=M$6,SUM(N17:P17),"") -> 8597.5602 | T17: =IF(T16<V$6,T16+1,"") -> 2 | U17: =IF(T17<=V$6,EDATE($D$10,T17),"") -> 46371 | V17: =IF(T17<=V$6,V16-W17,"") -> 391153.64 | W17: =IF(T17<=V$6,-PPMT(V$7/12,T17,V$6,V$5,0),"") -> 4452.4747 | X17: =IF(T17<=V$6,-IPMT(V$7/12,T17,V$6,V$5,0),"") -> 5274.7481 | Y17: =AB17 -> 0 | Z17: =IF(T17<=V$6,SUM(W17:Y17),"") -> 9727.2228 | AC17: =IF(AC16<AE$6,AC16+1,"") -> 2 | AD17: =IF(AC17<=AE$6,EDATE($D$10,AC17),"") -> 46371 | AE17: =IF(AC17<=AE$6,AE16-AF17,"") -> 389693.29 | AF17: =IF(AC17<=AE$6,-PPMT(AE$7/12,AC17,AE$6,AE$5,0),"") -> 5175.2699 | AG17: =IF(AC17<=AE$6,-IPMT(AE$7/12,AC17,AE$6,AE$5,0),"") -> 3372.8356 | AH17: =AK17 -> 0 | AI17: =IF(AC17<=AE$6,SUM(AF17:AH17),"") -> 8548.1055 | AL17: =IF(AL16<AN$6,AL16+1,"") -> 2 | AM17: =IF(AL17<=AN$6,EDATE($D$10,AL17),"") -> 46371 | AN17: =IF(AL17<=AN$6,AN16-AO17,"") -> 19471.04 | AO17: =IF(AL17<=AN$6,-PPMT(AN$7/12,AL17,AN$6,AN$5,0),"") -> 265.49504 | AP17: =IF(AL17<=AN$6,-IPMT(AN$7/12,AL17,AN$6,AN$5,0),"") -> 152.0552 | AQ17: =AT17 -> 0 | AR17: =IF(AL17<=AN$6,SUM(AO17:AQ17),"") -> 417.55024 | AU17: =IF(AU16<AW$6,AU16+1,"") -> 2 | AV17: =IF(AU17<=AW$6,EDATE($D$10,AU17),"") -> 46371 | AW17: =IF(AU17<=AW$6,AW16-AX17,"") -> 19471.162 | AX17: =IF(AU17<=AW$6,-PPMT(AW$7/12,AU17,AW$6,AW$5,0),"") -> 265.43488 | AY17: =IF(AU17<=AW$6,-IPMT(AW$7/12,AU17,AW$6,AW$5,0),"") -> 152.20205 | AZ17: =BC17 -> 0 | BA17: =IF(AU17<=AW$6,SUM(AX17:AZ17),"") -> 417.63693 | BD17: =IF(BD16<BF$6,BD16+1,"") -> 2 | BE17: =IF(BD17<=BF$6,EDATE($D$10,BD17),"") -> 46371 | BF17: =IF(BD17<=BF$6,BF16-BG17,"") -> 1196615.5 | BG17: =IF(BD17<=BF$6,-PPMT(BF$7/12,BD17,BF$6,BF$5,0),"") -> 1698.9184 | BH17: =IF(BD17<=BF$6,-IPMT(BF$7/12,BD17,BF$6,BF$5,0),"") -> 9486.6559 | BI17: =BL17 -> 0 | BJ17: =IF(BD17<=BF$6,SUM(BG17:BI17),"") -> 11185.574 | BM17: =IF(BM16<BO$6,BM16+1,"") -> 2 | BN17: =IF(BM17<=BO$6,EDATE($D$10,BM17),"") -> 46371 | BO17: =IF(BM17<=BO$6,BO16-BP17,"") -> 59813.85 | BP17: =IF(BM17<=BO$6,-PPMT(BO$7/12,BM17,BO$6,BO$5,0),"") -> 93.413108 | BQ17: =IF(BM17<=BO$6,-IPMT(BO$7/12,BM17,BO$6,BO$5,0),"") -> 436.77886 | BR17: =BU17 -> 0 | BS17: =IF(BM17<=BO$6,SUM(BP17:BR17),"") -> 530.19197 | BV17: =IF(BV16<BX$6,BV16+1,"") -> 2 | BW17: =IF(BV17<=BX$6,EDATE($D$10,BV17),"") -> 46371 | BX17: =IF(BV17<=BX$6,BX16-BY17,"") -> 59813.965 | BY17: =IF(BV17<=BX$6,-PPMT(BX$7/12,BV17,BX$6,BX$5,0),"") -> 93.355669 | BZ17: =IF(BV17<=BX$6,-IPMT(BX$7/12,BV17,BX$6,BX$5,0),"") -> 437.0239 | CA17: =CD17 -> 0 | CB17: =IF(BV17<=BX$6,SUM(BY17:CA17),"") -> 530.37957
B18: =IF(B17<D$6,B17+1,"") -> 3 | C18: =IF(B18<=D$6,EDATE($D$10,B18),"") -> 46402 | D18: =IF(B18<=D$6,D17-E18,"") -> 384770.34 | E18: =IF(B18<=D$6,-PPMT(D$7/12,B18,D$6,D$5,0),"") -> 5122.9475 | F18: =IF(B18<=D$6,-IPMT(D$7/12,B18,D$6,D$5,0),"") -> 3574.0218 | G18: =J18 -> 0 | H18: =IF(B18<=D$6,SUM(E18:G18),"") -> 8696.9692 | K18: =IF(K17<M$6,K17+1,"") -> 3 | L18: =IF(K18<=M$6,EDATE($D$10,K18),"") -> 46402 | M18: =IF(K18<=M$6,M17-N18,"") -> 384573.12 | N18: =IF(K18<=M$6,-PPMT(M$7/12,K18,M$6,M$5,0),"") -> 5187.1577 | O18: =IF(K18<=M$6,-IPMT(M$7/12,K18,M$6,M$5,0),"") -> 3410.4024 | P18: =S18 -> 0 | Q18: =IF(K18<=M$6,SUM(N18:P18),"") -> 8597.5602 | T18: =IF(T17<V$6,T17+1,"") -> 3 | U18: =IF(T18<=V$6,EDATE($D$10,T18),"") -> 46402 | V18: =IF(T18<=V$6,V17-W18,"") -> 386641.79 | W18: =IF(T18<=V$6,-PPMT(V$7/12,T18,V$6,V$5,0),"") -> 4511.841 | X18: =IF(T18<=V$6,-IPMT(V$7/12,T18,V$6,V$5,0),"") -> 5215.3818 | Y18: =AB18 -> 0 | Z18: =IF(T18<=V$6,SUM(W18:Y18),"") -> 9727.2228 | AC18: =IF(AC17<AE$6,AC17+1,"") -> 3 | AD18: =IF(AC18<=AE$6,EDATE($D$10,AC18),"") -> 46402 | AE18: =IF(AC18<=AE$6,AE17-AF18,"") -> 384473.82 | AF18: =IF(AC18<=AE$6,-PPMT(AE$7/12,AC18,AE$6,AE$5,0),"") -> 5219.4753 | AG18: =IF(AC18<=AE$6,-IPMT(AE$7/12,AC18,AE$6,AE$5,0),"") -> 3328.6302 | AH18: =AK18 -> 0 | AI18: =IF(AC18<=AE$6,SUM(AF18:AH18),"") -> 8548.1055 | AL18: =IF(AL17<AN$6,AL17+1,"") -> 3 | AM18: =IF(AL18<=AN$6,EDATE($D$10,AL18),"") -> 46402 | AN18: =IF(AL18<=AN$6,AN17-AO18,"") -> 19203.499 | AO18: =IF(AL18<=AN$6,-PPMT(AN$7/12,AL18,AN$6,AN$5,0),"") -> 267.54048 | AP18: =IF(AL18<=AN$6,-IPMT(AN$7/12,AL18,AN$6,AN$5,0),"") -> 150.00976 | AQ18: =AT18 -> 0 | AR18: =IF(AL18<=AN$6,SUM(AO18:AQ18),"") -> 417.55024 | AU18: =IF(AU17<AW$6,AU17+1,"") -> 3 | AV18: =IF(AU18<=AW$6,EDATE($D$10,AU18),"") -> 46402 | AW18: =IF(AU18<=AW$6,AW17-AX18,"") -> 19203.68 | AX18: =IF(AU18<=AW$6,-PPMT(AW$7/12,AU18,AW$6,AW$5,0),"") -> 267.48182 | AY18: =IF(AU18<=AW$6,-IPMT(AW$7/12,AU18,AW$6,AW$5,0),"") -> 150.15511 | AZ18: =BC18 -> 0 | BA18: =IF(AU18<=AW$6,SUM(AX18:AZ18),"") -> 417.63693 | BD18: =IF(BD17<BF$6,BD17+1,"") -> 3 | BE18: =IF(BD18<=BF$6,EDATE($D$10,BD18),"") -> 46402 | BF18: =IF(BD18<=BF$6,BF17-BG18,"") -> 1194903.1 | BG18: =IF(BD18<=BF$6,-PPMT(BF$7/12,BD18,BF$6,BF$5,0),"") -> 1712.3682 | BH18: =IF(BD18<=BF$6,-IPMT(BF$7/12,BD18,BF$6,BF$5,0),"") -> 9473.2061 | BI18: =BL18 -> 0 | BJ18: =IF(BD18<=BF$6,SUM(BG18:BI18),"") -> 11185.574 | BM18: =IF(BM17<BO$6,BM17+1,"") -> 3 | BN18: =IF(BM18<=BO$6,EDATE($D$10,BM18),"") -> 46402 | BO18: =IF(BM18<=BO$6,BO17-BP18,"") -> 59719.756 | BP18: =IF(BM18<=BO$6,-PPMT(BO$7/12,BM18,BO$6,BO$5,0),"") -> 94.094175 | BQ18: =IF(BM18<=BO$6,-IPMT(BO$7/12,BM18,BO$6,BO$5,0),"") -> 436.0978 | BR18: =BU18 -> 0 | BS18: =IF(BM18<=BO$6,SUM(BP18:BR18),"") -> 530.19197 | BV18: =IF(BV17<BX$6,BV17+1,"") -> 3 | BW18: =IF(BV18<=BX$6,EDATE($D$10,BV18),"") -> 46402 | BX18: =IF(BV18<=BX$6,BX17-BY18,"") -> 59719.928 | BY18: =IF(BV18<=BX$6,-PPMT(BX$7/12,BV18,BX$6,BX$5,0),"") -> 94.036699 | BZ18: =IF(BV18<=BX$6,-IPMT(BX$7/12,BV18,BX$6,BX$5,0),"") -> 436.34287 | CA18: =CD18 -> 0 | CB18: =IF(BV18<=BX$6,SUM(BY18:CA18),"") -> 530.37957
B19: =IF(B18<D$6,B18+1,"") -> 4 | C19: =IF(B19<=D$6,EDATE($D$10,B19),"") -> 46433 | D19: =IF(B19<=D$6,D18-E19,"") -> 379600.43 | E19: =IF(B19<=D$6,-PPMT(D$7/12,B19,D$6,D$5,0),"") -> 5169.9078 | F19: =IF(B19<=D$6,-IPMT(D$7/12,B19,D$6,D$5,0),"") -> 3527.0614 | G19: =J19 -> 0 | H19: =IF(B19<=D$6,SUM(E19:G19),"") -> 8696.9692 | K19: =IF(K18<M$6,K18+1,"") -> 4 | L19: =IF(K19<=M$6,EDATE($D$10,K19),"") -> 46433 | M19: =IF(K19<=M$6,M18-N19,"") -> 379340.57 | N19: =IF(K19<=M$6,-PPMT(M$7/12,K19,M$6,M$5,0),"") -> 5232.5454 | O19: =IF(K19<=M$6,-IPMT(M$7/12,K19,M$6,M$5,0),"") -> 3365.0148 | P19: =S19 -> 0 | Q19: =IF(K19<=M$6,SUM(N19:P19),"") -> 8597.5602 | T19: =IF(T18<V$6,T18+1,"") -> 4 | U19: =IF(T19<=V$6,EDATE($D$10,T19),"") -> 46433 | V19: =IF(T19<=V$6,V18-W19,"") -> 382069.8 | W19: =IF(T19<=V$6,-PPMT(V$7/12,T19,V$6,V$5,0),"") -> 4571.9989 | X19: =IF(T19<=V$6,-IPMT(V$7/12,T19,V$6,V$5,0),"") -> 5155.2239 | Y19: =AB19 -> 0 | Z19: =IF(T19<=V$6,SUM(W19:Y19),"") -> 9727.2228 | AC19: =IF(AC18<AE$6,AC18+1,"") -> 4 | AD19: =IF(AC19<=AE$6,EDATE($D$10,AC19),"") -> 46433 | AE19: =IF(AC19<=AE$6,AE18-AF19,"") -> 379209.76 | AF19: =IF(AC19<=AE$6,-PPMT(AE$7/12,AC19,AE$6,AE$5,0),"") -> 5264.0584 | AG19: =IF(AC19<=AE$6,-IPMT(AE$7/12,AC19,AE$6,AE$5,0),"") -> 3284.0472 | AH19: =AK19 -> 0 | AI19: =IF(AC19<=AE$6,SUM(AF19:AH19),"") -> 8548.1055 | AL19: =IF(AL18<AN$6,AL18+1,"") -> 4 | AM19: =IF(AL19<=AN$6,EDATE($D$10,AL19),"") -> 46433 | AN19: =IF(AL19<=AN$6,AN18-AO19,"") -> 18933.898 | AO19: =IF(AL19<=AN$6,-PPMT(AN$7/12,AL19,AN$6,AN$5,0),"") -> 269.60168 | AP19: =IF(AL19<=AN$6,-IPMT(AN$7/12,AL19,AN$6,AN$5,0),"") -> 147.94856 | AQ19: =AT19 -> 0 | AR19: =IF(AL19<=AN$6,SUM(AO19:AQ19),"") -> 417.55024 | AU19: =IF(AU18<AW$6,AU18+1,"") -> 4 | AV19: =IF(AU19<=AW$6,EDATE($D$10,AU19),"") -> 46433 | AW19: =IF(AU19<=AW$6,AW18-AX19,"") -> 18934.135 | AX19: =IF(AU19<=AW$6,-PPMT(AW$7/12,AU19,AW$6,AW$5,0),"") -> 269.54455 | AY19: =IF(AU19<=AW$6,-IPMT(AW$7/12,AU19,AW$6,AW$5,0),"") -> 148.09238 | AZ19: =BC19 -> 0 | BA19: =IF(AU19<=AW$6,SUM(AX19:AZ19),"") -> 417.63693 | BD19: =IF(BD18<BF$6,BD18+1,"") -> 4 | BE19: =IF(BD19<=BF$6,EDATE($D$10,BD19),"") -> 46433 | BF19: =IF(BD19<=BF$6,BF18-BG19,"") -> 1193177.2 | BG19: =IF(BD19<=BF$6,-PPMT(BF$7/12,BD19,BF$6,BF$5,0),"") -> 1725.9244 | BH19: =IF(BD19<=BF$6,-IPMT(BF$7/12,BD19,BF$6,BF$5,0),"") -> 9459.6499 | BI19: =BL19 -> 0 | BJ19: =IF(BD19<=BF$6,SUM(BG19:BI19),"") -> 11185.574 | BM19: =IF(BM18<BO$6,BM18+1,"") -> 4 | BN19: =IF(BM19<=BO$6,EDATE($D$10,BM19),"") -> 46433 | BO19: =IF(BM19<=BO$6,BO18-BP19,"") -> 59624.976 | BP19: =IF(BM19<=BO$6,-PPMT(BO$7/12,BM19,BO$6,BO$5,0),"") -> 94.780208 | BQ19: =IF(BM19<=BO$6,-IPMT(BO$7/12,BM19,BO$6,BO$5,0),"") -> 435.41176 | BR19: =BU19 -> 0 | BS19: =IF(BM19<=BO$6,SUM(BP19:BR19),"") -> 530.19197 | BV19: =IF(BV18<BX$6,BV18+1,"") -> 4 | BW19: =IF(BV19<=BX$6,EDATE($D$10,BV19),"") -> 46433 | BX19: =IF(BV19<=BX$6,BX18-BY19,"") -> 59625.205 | BY19: =IF(BV19<=BX$6,-PPMT(BX$7/12,BV19,BX$6,BX$5,0),"") -> 94.722696 | BZ19: =IF(BV19<=BX$6,-IPMT(BX$7/12,BV19,BX$6,BX$5,0),"") -> 435.65688 | CA19: =CD19 -> 0 | CB19: =IF(BV19<=BX$6,SUM(BY19:CA19),"") -> 530.37957
B20: =IF(B19<D$6,B19+1,"") -> 5 | C20: =IF(B20<=D$6,EDATE($D$10,B20),"") -> 46461 | D20: =IF(B20<=D$6,D19-E20,"") -> 374383.13 | E20: =IF(B20<=D$6,-PPMT(D$7/12,B20,D$6,D$5,0),"") -> 5217.2986 | F20: =IF(B20<=D$6,-IPMT(D$7/12,B20,D$6,D$5,0),"") -> 3479.6706 | G20: =J20 -> 0 | H20: =IF(B20<=D$6,SUM(E20:G20),"") -> 8696.9692 | K20: =IF(K19<M$6,K19+1,"") -> 5 | L20: =IF(K20<=M$6,EDATE($D$10,K20),"") -> 46461 | M20: =IF(K20<=M$6,M19-N20,"") -> 374062.24 | N20: =IF(K20<=M$6,-PPMT(M$7/12,K20,M$6,M$5,0),"") -> 5278.3301 | O20: =IF(K20<=M$6,-IPMT(M$7/12,K20,M$6,M$5,0),"") -> 3319.23 | P20: =S20 -> 0 | Q20: =IF(K20<=M$6,SUM(N20:P20),"") -> 8597.5602 | T20: =IF(T19<V$6,T19+1,"") -> 5 | U20: =IF(T20<=V$6,EDATE($D$10,T20),"") -> 46461 | V20: =IF(T20<=V$6,V19-W20,"") -> 377436.84 | W20: =IF(T20<=V$6,-PPMT(V$7/12,T20,V$6,V$5,0),"") -> 4632.9589 | X20: =IF(T20<=V$6,-IPMT(V$7/12,T20,V$6,V$5,0),"") -> 5094.2639 | Y20: =AB20 -> 0 | Z20: =IF(T20<=V$6,SUM(W20:Y20),"") -> 9727.2228 | AC20: =IF(AC19<AE$6,AC19+1,"") -> 5 | AD20: =IF(AC20<=AE$6,EDATE($D$10,AC20),"") -> 46461 | AE20: =IF(AC20<=AE$6,AE19-AF20,"") -> 373900.74 | AF20: =IF(AC20<=AE$6,-PPMT(AE$7/12,AC20,AE$6,AE$5,0),"") -> 5309.0222 | AG20: =IF(AC20<=AE$6,-IPMT(AE$7/12,AC20,AE$6,AE$5,0),"") -> 3239.0833 | AH20: =AK20 -> 0 | AI20: =IF(AC20<=AE$6,SUM(AF20:AH20),"") -> 8548.1055 | AL20: =IF(AL19<AN$6,AL19+1,"") -> 5 | AM20: =IF(AL20<=AN$6,EDATE($D$10,AL20),"") -> 46461 | AN20: =IF(AL20<=AN$6,AN19-AO20,"") -> 18662.219 | AO20: =IF(AL20<=AN$6,-PPMT(AN$7/12,AL20,AN$6,AN$5,0),"") -> 271.67876 | AP20: =IF(AL20<=AN$6,-IPMT(AN$7/12,AL20,AN$6,AN$5,0),"") -> 145.87148 | AQ20: =AT20 -> 0 | AR20: =IF(AL20<=AN$6,SUM(AO20:AQ20),"") -> 417.55024 | AU20: =IF(AU19<AW$6,AU19+1,"") -> 5 | AV20: =IF(AU20<=AW$6,EDATE($D$10,AU20),"") -> 46461 | AW20: =IF(AU20<=AW$6,AW19-AX20,"") -> 18662.512 | AX20: =IF(AU20<=AW$6,-PPMT(AW$7/12,AU20,AW$6,AW$5,0),"") -> 271.62319 | AY20: =IF(AU20<=AW$6,-IPMT(AW$7/12,AU20,AW$6,AW$5,0),"") -> 146.01374 | AZ20: =BC20 -> 0 | BA20: =IF(AU20<=AW$6,SUM(AX20:AZ20),"") -> 417.63693 | BD20: =IF(BD19<BF$6,BD19+1,"") -> 5 | BE20: =IF(BD20<=BF$6,EDATE($D$10,BD20),"") -> 46461 | BF20: =IF(BD20<=BF$6,BF19-BG20,"") -> 1191437.6 | BG20: =IF(BD20<=BF$6,-PPMT(BF$7/12,BD20,BF$6,BF$5,0),"") -> 1739.588 | BH20: =IF(BD20<=BF$6,-IPMT(BF$7/12,BD20,BF$6,BF$5,0),"") -> 9445.9863 | BI20: =BL20 -> 0 | BJ20: =IF(BD20<=BF$6,SUM(BG20:BI20),"") -> 11185.574 | BM20: =IF(BM19<BO$6,BM19+1,"") -> 5 | BN20: =IF(BM20<=BO$6,EDATE($D$10,BM20),"") -> 46461 | BO20: =IF(BM20<=BO$6,BO19-BP20,"") -> 59529.504 | BP20: =IF(BM20<=BO$6,-PPMT(BO$7/12,BM20,BO$6,BO$5,0),"") -> 95.471242 | BQ20: =IF(BM20<=BO$6,-IPMT(BO$7/12,BM20,BO$6,BO$5,0),"") -> 434.72073 | BR20: =BU20 -> 0 | BS20: =IF(BM20<=BO$6,SUM(BP20:BR20),"") -> 530.19197 | BV20: =IF(BV19<BX$6,BV19+1,"") -> 5 | BW20: =IF(BV20<=BX$6,EDATE($D$10,BV20),"") -> 46461 | BX20: =IF(BV20<=BX$6,BX19-BY20,"") -> 59529.792 | BY20: =IF(BV20<=BX$6,-PPMT(BX$7/12,BV20,BX$6,BX$5,0),"") -> 95.413699 | BZ20: =IF(BV20<=BX$6,-IPMT(BX$7/12,BV20,BX$6,BX$5,0),"") -> 434.96587 | CA20: =CD20 -> 0 | CB20: =IF(BV20<=BX$6,SUM(BY20:CA20),"") -> 530.37957
B21: =IF(B20<D$6,B20+1,"") -> 6 | C21: =IF(B21<=D$6,EDATE($D$10,B21),"") -> 46492 | D21: =IF(B21<=D$6,D20-E21,"") -> 369118.01 | E21: =IF(B21<=D$6,-PPMT(D$7/12,B21,D$6,D$5,0),"") -> 5265.1239 | F21: =IF(B21<=D$6,-IPMT(D$7/12,B21,D$6,D$5,0),"") -> 3431.8454 | G21: =J21 -> 0 | H21: =IF(B21<=D$6,SUM(E21:G21),"") -> 8696.9692 | K21: =IF(K20<M$6,K20+1,"") -> 6 | L21: =IF(K21<=M$6,EDATE($D$10,K21),"") -> 46492 | M21: =IF(K21<=M$6,M20-N21,"") -> 368737.73 | N21: =IF(K21<=M$6,-PPMT(M$7/12,K21,M$6,M$5,0),"") -> 5324.5155 | O21: =IF(K21<=M$6,-IPMT(M$7/12,K21,M$6,M$5,0),"") -> 3273.0446 | P21: =S21 -> 0 | Q21: =IF(K21<=M$6,SUM(N21:P21),"") -> 8597.5602 | T21: =IF(T20<V$6,T20+1,"") -> 6 | U21: =IF(T21<=V$6,EDATE($D$10,T21),"") -> 46492 | V21: =IF(T21<=V$6,V20-W21,"") -> 372742.11 | W21: =IF(T21<=V$6,-PPMT(V$7/12,T21,V$6,V$5,0),"") -> 4694.7317 | X21: =IF(T21<=V$6,-IPMT(V$7/12,T21,V$6,V$5,0),"") -> 5032.4912 | Y21: =AB21 -> 0 | Z21: =IF(T21<=V$6,SUM(W21:Y21),"") -> 9727.2228 | AC21: =IF(AC20<AE$6,AC20+1,"") -> 6 | AD21: =IF(AC21<=AE$6,EDATE($D$10,AC21),"") -> 46492 | AE21: =IF(AC21<=AE$6,AE20-AF21,"") -> 368546.37 | AF21: =IF(AC21<=AE$6,-PPMT(AE$7/12,AC21,AE$6,AE$5,0),"") -> 5354.3701 | AG21: =IF(AC21<=AE$6,-IPMT(AE$7/12,AC21,AE$6,AE$5,0),"") -> 3193.7354 | AH21: =AK21 -> 0 | AI21: =IF(AC21<=AE$6,SUM(AF21:AH21),"") -> 8548.1055 | AL21: =IF(AL20<AN$6,AL20+1,"") -> 6 | AM21: =IF(AL21<=AN$6,EDATE($D$10,AL21),"") -> 46492 | AN21: =IF(AL21<=AN$6,AN20-AO21,"") -> 18388.447 | AO21: =IF(AL21<=AN$6,-PPMT(AN$7/12,AL21,AN$6,AN$5,0),"") -> 273.77184 | AP21: =IF(AL21<=AN$6,-IPMT(AN$7/12,AL21,AN$6,AN$5,0),"") -> 143.7784 | AQ21: =AT21 -> 0 | AR21: =IF(AL21<=AN$6,SUM(AO21:AQ21),"") -> 417.55024 | AU21: =IF(AU20<AW$6,AU20+1,"") -> 6 | AV21: =IF(AU21<=AW$6,EDATE($D$10,AU21),"") -> 46492 | AW21: =IF(AU21<=AW$6,AW20-AX21,"") -> 18388.794 | AX21: =IF(AU21<=AW$6,-PPMT(AW$7/12,AU21,AW$6,AW$5,0),"") -> 273.71786 | AY21: =IF(AU21<=AW$6,-IPMT(AW$7/12,AU21,AW$6,AW$5,0),"") -> 143.91907 | AZ21: =BC21 -> 0 | BA21: =IF(AU21<=AW$6,SUM(AX21:AZ21),"") -> 417.63693 | BD21: =IF(BD20<BF$6,BD20+1,"") -> 6 | BE21: =IF(BD21<=BF$6,EDATE($D$10,BD21),"") -> 46492 | BF21: =IF(BD21<=BF$6,BF20-BG21,"") -> 1189684.3 | BG21: =IF(BD21<=BF$6,-PPMT(BF$7/12,BD21,BF$6,BF$5,0),"") -> 1753.3597 | BH21: =IF(BD21<=BF$6,-IPMT(BF$7/12,BD21,BF$6,BF$5,0),"") -> 9432.2145 | BI21: =BL21 -> 0 | BJ21: =IF(BD21<=BF$6,SUM(BG21:BI21),"") -> 11185.574 | BM21: =IF(BM20<BO$6,BM20+1,"") -> 6 | BN21: =IF(BM21<=BO$6,EDATE($D$10,BM21),"") -> 46492 | BO21: =IF(BM21<=BO$6,BO20-BP21,"") -> 59433.337 | BP21: =IF(BM21<=BO$6,-PPMT(BO$7/12,BM21,BO$6,BO$5,0),"") -> 96.167315 | BQ21: =IF(BM21<=BO$6,-IPMT(BO$7/12,BM21,BO$6,BO$5,0),"") -> 434.02466 | BR21: =BU21 -> 0 | BS21: =IF(BM21<=BO$6,SUM(BP21:BR21),"") -> 530.19197 | BV21: =IF(BV20<BX$6,BV20+1,"") -> 6 | BW21: =IF(BV21<=BX$6,EDATE($D$10,BV21),"") -> 46492 | BX21: =IF(BV21<=BX$6,BX20-BY21,"") -> 59433.682 | BY21: =IF(BV21<=BX$6,-PPMT(BX$7/12,BV21,BX$6,BX$5,0),"") -> 96.109741 | BZ21: =IF(BV21<=BX$6,-IPMT(BX$7/12,BV21,BX$6,BX$5,0),"") -> 434.26983 | CA21: =CD21 -> 0 | CB21: =IF(BV21<=BX$6,SUM(BY21:CA21),"") -> 530.37957
B22: =IF(B21<D$6,B21+1,"") -> 7 | C22: =IF(B22<=D$6,EDATE($D$10,B22),"") -> 46522 | D22: =IF(B22<=D$6,D21-E22,"") -> 363804.62 | E22: =IF(B22<=D$6,-PPMT(D$7/12,B22,D$6,D$5,0),"") -> 5313.3875 | F22: =IF(B22<=D$6,-IPMT(D$7/12,B22,D$6,D$5,0),"") -> 3383.5817 | G22: =J22 -> 0 | H22: =IF(B22<=D$6,SUM(E22:G22),"") -> 8696.9692 | K22: =IF(K21<M$6,K21+1,"") -> 7 | L22: =IF(K22<=M$6,EDATE($D$10,K22),"") -> 46522 | M22: =IF(K22<=M$6,M21-N22,"") -> 363366.62 | N22: =IF(K22<=M$6,-PPMT(M$7/12,K22,M$6,M$5,0),"") -> 5371.105 | O22: =IF(K22<=M$6,-IPMT(M$7/12,K22,M$6,M$5,0),"") -> 3226.4551 | P22: =S22 -> 0 | Q22: =IF(K22<=M$6,SUM(N22:P22),"") -> 8597.5602 | T22: =IF(T21<V$6,T21+1,"") -> 7 | U22: =IF(T22<=V$6,EDATE($D$10,T22),"") -> 46522 | V22: =IF(T22<=V$6,V21-W22,"") -> 367984.78 | W22: =IF(T22<=V$6,-PPMT(V$7/12,T22,V$6,V$5,0),"") -> 4757.3281 | X22: =IF(T22<=V$6,-IPMT(V$7/12,T22,V$6,V$5,0),"") -> 4969.8947 | Y22: =AB22 -> 0 | Z22: =IF(T22<=V$6,SUM(W22:Y22),"") -> 9727.2228 | AC22: =IF(AC21<AE$6,AC21+1,"") -> 7 | AD22: =IF(AC22<=AE$6,EDATE($D$10,AC22),"") -> 46522 | AE22: =IF(AC22<=AE$6,AE21-AF22,"") -> 363146.26 | AF22: =IF(AC22<=AE$6,-PPMT(AE$7/12,AC22,AE$6,AE$5,0),"") -> 5400.1053 | AG22: =IF(AC22<=AE$6,-IPMT(AE$7/12,AC22,AE$6,AE$5,0),"") -> 3148.0002 | AH22: =AK22 -> 0 | AI22: =IF(AC22<=AE$6,SUM(AF22:AH22),"") -> 8548.1055 | AL22: =IF(AL21<AN$6,AL21+1,"") -> 7 | AM22: =IF(AL22<=AN$6,EDATE($D$10,AL22),"") -> 46522 | AN22: =IF(AL22<=AN$6,AN21-AO22,"") -> 18112.566 | AO22: =IF(AL22<=AN$6,-PPMT(AN$7/12,AL22,AN$6,AN$5,0),"") -> 275.88105 | AP22: =IF(AL22<=AN$6,-IPMT(AN$7/12,AL22,AN$6,AN$5,0),"") -> 141.66919 | AQ22: =AT22 -> 0 | AR22: =IF(AL22<=AN$6,SUM(AO22:AQ22),"") -> 417.55024 | AU22: =IF(AU21<AW$6,AU21+1,"") -> 7 | AV22: =IF(AU22<=AW$6,EDATE($D$10,AU22),"") -> 46522 | AW22: =IF(AU22<=AW$6,AW21-AX22,"") -> 18112.965 | AX22: =IF(AU22<=AW$6,-PPMT(AW$7/12,AU22,AW$6,AW$5,0),"") -> 275.82868 | AY22: =IF(AU22<=AW$6,-IPMT(AW$7/12,AU22,AW$6,AW$5,0),"") -> 141.80825 | AZ22: =BC22 -> 0 | BA22: =IF(AU22<=AW$6,SUM(AX22:AZ22),"") -> 417.63693 | BD22: =IF(BD21<BF$6,BD21+1,"") -> 7 | BE22: =IF(BD22<=BF$6,EDATE($D$10,BD22),"") -> 46522 | BF22: =IF(BD22<=BF$6,BF21-BG22,"") -> 1187917 | BG22: =IF(BD22<=BF$6,-PPMT(BF$7/12,BD22,BF$6,BF$5,0),"") -> 1767.2405 | BH22: =IF(BD22<=BF$6,-IPMT(BF$7/12,BD22,BF$6,BF$5,0),"") -> 9418.3338 | BI22: =BL22 -> 0 | BJ22: =IF(BD22<=BF$6,SUM(BG22:BI22),"") -> 11185.574 | BM22: =IF(BM21<BO$6,BM21+1,"") -> 7 | BN22: =IF(BM22<=BO$6,EDATE($D$10,BM22),"") -> 46522 | BO22: =IF(BM22<=BO$6,BO21-BP22,"") -> 59336.469 | BP22: =IF(BM22<=BO$6,-PPMT(BO$7/12,BM22,BO$6,BO$5,0),"") -> 96.868463 | BQ22: =IF(BM22<=BO$6,-IPMT(BO$7/12,BM22,BO$6,BO$5,0),"") -> 433.32351 | BR22: =BU22 -> 0 | BS22: =IF(BM22<=BO$6,SUM(BP22:BR22),"") -> 530.19197 | BV22: =IF(BV21<BX$6,BV21+1,"") -> 7 | BW22: =IF(BV22<=BX$6,EDATE($D$10,BV22),"") -> 46522 | BX22: =IF(BV22<=BX$6,BX21-BY22,"") -> 59336.871 | BY22: =IF(BV22<=BX$6,-PPMT(BX$7/12,BV22,BX$6,BX$5,0),"") -> 96.810862 | BZ22: =IF(BV22<=BX$6,-IPMT(BX$7/12,BV22,BX$6,BX$5,0),"") -> 433.56871 | CA22: =CD22 -> 0 | CB22: =IF(BV22<=BX$6,SUM(BY22:CA22),"") -> 530.37957
B23: =IF(B22<D$6,B22+1,"") -> 8 | C23: =IF(B23<=D$6,EDATE($D$10,B23),"") -> 46553 | D23: =IF(B23<=D$6,D22-E23,"") -> 358442.52 | E23: =IF(B23<=D$6,-PPMT(D$7/12,B23,D$6,D$5,0),"") -> 5362.0936 | F23: =IF(B23<=D$6,-IPMT(D$7/12,B23,D$6,D$5,0),"") -> 3334.8757 | G23: =J23 -> 0 | H23: =IF(B23<=D$6,SUM(E23:G23),"") -> 8696.9692 | K23: =IF(K22<M$6,K22+1,"") -> 8 | L23: =IF(K23<=M$6,EDATE($D$10,K23),"") -> 46553 | M23: =IF(K23<=M$6,M22-N23,"") -> 357948.52 | N23: =IF(K23<=M$6,-PPMT(M$7/12,K23,M$6,M$5,0),"") -> 5418.1022 | O23: =IF(K23<=M$6,-IPMT(M$7/12,K23,M$6,M$5,0),"") -> 3179.4579 | P23: =S23 -> 0 | Q23: =IF(K23<=M$6,SUM(N23:P23),"") -> 8597.5602 | T23: =IF(T22<V$6,T22+1,"") -> 8 | U23: =IF(T23<=V$6,EDATE($D$10,T23),"") -> 46553 | V23: =IF(T23<=V$6,V22-W23,"") -> 363164.02 | W23: =IF(T23<=V$6,-PPMT(V$7/12,T23,V$6,V$5,0),"") -> 4820.7592 | X23: =IF(T23<=V$6,-IPMT(V$7/12,T23,V$6,V$5,0),"") -> 4906.4637 | Y23: =AB23 -> 0 | Z23: =IF(T23<=V$6,SUM(W23:Y23),"") -> 9727.2228 | AC23: =IF(AC22<AE$6,AC22+1,"") -> 8 | AD23: =IF(AC23<=AE$6,EDATE($D$10,AC23),"") -> 46553 | AE23: =IF(AC23<=AE$6,AE22-AF23,"") -> 357700.03 | AF23: =IF(AC23<=AE$6,-PPMT(AE$7/12,AC23,AE$6,AE$5,0),"") -> 5446.2312 | AG23: =IF(AC23<=AE$6,-IPMT(AE$7/12,AC23,AE$6,AE$5,0),"") -> 3101.8743 | AH23: =AK23 -> 0 | AI23: =IF(AC23<=AE$6,SUM(AF23:AH23),"") -> 8548.1055 | AL23: =IF(AL22<AN$6,AL22+1,"") -> 8 | AM23: =IF(AL23<=AN$6,EDATE($D$10,AL23),"") -> 46553 | AN23: =IF(AL23<=AN$6,AN22-AO23,"") -> 17834.559 | AO23: =IF(AL23<=AN$6,-PPMT(AN$7/12,AL23,AN$6,AN$5,0),"") -> 278.0065 | AP23: =IF(AL23<=AN$6,-IPMT(AN$7/12,AL23,AN$6,AN$5,0),"") -> 139.54374 | AQ23: =AT23 -> 0 | AR23: =IF(AL23<=AN$6,SUM(AO23:AQ23),"") -> 417.55024 | AU23: =IF(AU22<AW$6,AU22+1,"") -> 8 | AV23: =IF(AU23<=AW$6,EDATE($D$10,AU23),"") -> 46553 | AW23: =IF(AU23<=AW$6,AW22-AX23,"") -> 17835.01 | AX23: =IF(AU23<=AW$6,-PPMT(AW$7/12,AU23,AW$6,AW$5,0),"") -> 277.95578 | AY23: =IF(AU23<=AW$6,-IPMT(AW$7/12,AU23,AW$6,AW$5,0),"") -> 139.68115 | AZ23: =BC23 -> 0 | BA23: =IF(AU23<=AW$6,SUM(AX23:AZ23),"") -> 417.63693 | BD23: =IF(BD22<BF$6,BD22+1,"") -> 8 | BE23: =IF(BD23<=BF$6,EDATE($D$10,BD23),"") -> 46553 | BF23: =IF(BD23<=BF$6,BF22-BG23,"") -> 1186135.8 | BG23: =IF(BD23<=BF$6,-PPMT(BF$7/12,BD23,BF$6,BF$5,0),"") -> 1781.2311 | BH23: =IF(BD23<=BF$6,-IPMT(BF$7/12,BD23,BF$6,BF$5,0),"") -> 9404.3431 | BI23: =BL23 -> 0 | BJ23: =IF(BD23<=BF$6,SUM(BG23:BI23),"") -> 11185.574 | BM23: =IF(BM22<BO$6,BM22+1,"") -> 8 | BN23: =IF(BM23<=BO$6,EDATE($D$10,BM23),"") -> 46553 | BO23: =IF(BM23<=BO$6,BO22-BP23,"") -> 59238.894 | BP23: =IF(BM23<=BO$6,-PPMT(BO$7/12,BM23,BO$6,BO$5,0),"") -> 97.574723 | BQ23: =IF(BM23<=BO$6,-IPMT(BO$7/12,BM23,BO$6,BO$5,0),"") -> 432.61725 | BR23: =BU23 -> 0 | BS23: =IF(BM23<=BO$6,SUM(BP23:BR23),"") -> 530.19197 | BV23: =IF(BV22<BX$6,BV22+1,"") -> 8 | BW23: =IF(BV23<=BX$6,EDATE($D$10,BV23),"") -> 46553 | BX23: =IF(BV23<=BX$6,BX22-BY23,"") -> 59239.354 | BY23: =IF(BV23<=BX$6,-PPMT(BX$7/12,BV23,BX$6,BX$5,0),"") -> 97.517097 | BZ23: =IF(BV23<=BX$6,-IPMT(BX$7/12,BV23,BX$6,BX$5,0),"") -> 432.86247 | CA23: =CD23 -> 0 | CB23: =IF(BV23<=BX$6,SUM(BY23:CA23),"") -> 530.37957
B24: =IF(B23<D$6,B23+1,"") -> 9 | C24: =IF(B24<=D$6,EDATE($D$10,B24),"") -> 46583 | D24: =IF(B24<=D$6,D23-E24,"") -> 353031.28 | E24: =IF(B24<=D$6,-PPMT(D$7/12,B24,D$6,D$5,0),"") -> 5411.2461 | F24: =IF(B24<=D$6,-IPMT(D$7/12,B24,D$6,D$5,0),"") -> 3285.7231 | G24: =J24 -> 0 | H24: =IF(B24<=D$6,SUM(E24:G24),"") -> 8696.9692 | K24: =IF(K23<M$6,K23+1,"") -> 9 | L24: =IF(K24<=M$6,EDATE($D$10,K24),"") -> 46583 | M24: =IF(K24<=M$6,M23-N24,"") -> 352483.01 | N24: =IF(K24<=M$6,-PPMT(M$7/12,K24,M$6,M$5,0),"") -> 5465.5106 | O24: =IF(K24<=M$6,-IPMT(M$7/12,K24,M$6,M$5,0),"") -> 3132.0496 | P24: =S24 -> 0 | Q24: =IF(K24<=M$6,SUM(N24:P24),"") -> 8597.5602 | T24: =IF(T23<V$6,T23+1,"") -> 9 | U24: =IF(T24<=V$6,EDATE($D$10,T24),"") -> 46583 | V24: =IF(T24<=V$6,V23-W24,"") -> 358278.98 | W24: =IF(T24<=V$6,-PPMT(V$7/12,T24,V$6,V$5,0),"") -> 4885.0359 | X24: =IF(T24<=V$6,-IPMT(V$7/12,T24,V$6,V$5,0),"") -> 4842.1869 | Y24: =AB24 -> 0 | Z24: =IF(T24<=V$6,SUM(W24:Y24),"") -> 9727.2228 | AC24: =IF(AC23<AE$6,AC23+1,"") -> 9 | AD24: =IF(AC24<=AE$6,EDATE($D$10,AC24),"") -> 46583 | AE24: =IF(AC24<=AE$6,AE23-AF24,"") -> 352207.28 | AF24: =IF(AC24<=AE$6,-PPMT(AE$7/12,AC24,AE$6,AE$5,0),"") -> 5492.7511 | AG24: =IF(AC24<=AE$6,-IPMT(AE$7/12,AC24,AE$6,AE$5,0),"") -> 3055.3544 | AH24: =AK24 -> 0 | AI24: =IF(AC24<=AE$6,SUM(AF24:AH24),"") -> 8548.1055 | AL24: =IF(AL23<AN$6,AL23+1,"") -> 9 | AM24: =IF(AL24<=AN$6,EDATE($D$10,AL24),"") -> 46583 | AN24: =IF(AL24<=AN$6,AN23-AO24,"") -> 17554.411 | AO24: =IF(AL24<=AN$6,-PPMT(AN$7/12,AL24,AN$6,AN$5,0),"") -> 280.14834 | AP24: =IF(AL24<=AN$6,-IPMT(AN$7/12,AL24,AN$6,AN$5,0),"") -> 137.4019 | AQ24: =AT24 -> 0 | AR24: =IF(AL24<=AN$6,SUM(AO24:AQ24),"") -> 417.55024 | AU24: =IF(AU23<AW$6,AU23+1,"") -> 9 | AV24: =IF(AU24<=AW$6,EDATE($D$10,AU24),"") -> 46583 | AW24: =IF(AU24<=AW$6,AW23-AX24,"") -> 17554.91 | AX24: =IF(AU24<=AW$6,-PPMT(AW$7/12,AU24,AW$6,AW$5,0),"") -> 280.09928 | AY24: =IF(AU24<=AW$6,-IPMT(AW$7/12,AU24,AW$6,AW$5,0),"") -> 137.53765 | AZ24: =BC24 -> 0 | BA24: =IF(AU24<=AW$6,SUM(AX24:AZ24),"") -> 417.63693 | BD24: =IF(BD23<BF$6,BD23+1,"") -> 9 | BE24: =IF(BD24<=BF$6,EDATE($D$10,BD24),"") -> 46583 | BF24: =IF(BD24<=BF$6,BF23-BG24,"") -> 1184340.5 | BG24: =IF(BD24<=BF$6,-PPMT(BF$7/12,BD24,BF$6,BF$5,0),"") -> 1795.3325 | BH24: =IF(BD24<=BF$6,-IPMT(BF$7/12,BD24,BF$6,BF$5,0),"") -> 9390.2417 | BI24: =BL24 -> 0 | BJ24: =IF(BD24<=BF$6,SUM(BG24:BI24),"") -> 11185.574 | BM24: =IF(BM23<BO$6,BM23+1,"") -> 9 | BN24: =IF(BM24<=BO$6,EDATE($D$10,BM24),"") -> 46583 | BO24: =IF(BM24<=BO$6,BO23-BP24,"") -> 59140.608 | BP24: =IF(BM24<=BO$6,-PPMT(BO$7/12,BM24,BO$6,BO$5,0),"") -> 98.286132 | BQ24: =IF(BM24<=BO$6,-IPMT(BO$7/12,BM24,BO$6,BO$5,0),"") -> 431.90584 | BR24: =BU24 -> 0 | BS24: =IF(BM24<=BO$6,SUM(BP24:BR24),"") -> 530.19197 | BV24: =IF(BV23<BX$6,BV23+1,"") -> 9 | BW24: =IF(BV24<=BX$6,EDATE($D$10,BV24),"") -> 46583 | BX24: =IF(BV24<=BX$6,BX23-BY24,"") -> 59141.125 | BY24: =IF(BV24<=BX$6,-PPMT(BX$7/12,BV24,BX$6,BX$5,0),"") -> 98.228484 | BZ24: =IF(BV24<=BX$6,-IPMT(BX$7/12,BV24,BX$6,BX$5,0),"") -> 432.15109 | CA24: =CD24 -> 0 | CB24: =IF(BV24<=BX$6,SUM(BY24:CA24),"") -> 530.37957
B25: =IF(B24<D$6,B24+1,"") -> 10 | C25: =IF(B25<=D$6,EDATE($D$10,B25),"") -> 46614 | D25: =IF(B25<=D$6,D24-E25,"") -> 347570.43 | E25: =IF(B25<=D$6,-PPMT(D$7/12,B25,D$6,D$5,0),"") -> 5460.8492 | F25: =IF(B25<=D$6,-IPMT(D$7/12,B25,D$6,D$5,0),"") -> 3236.1201 | G25: =J25 -> 0 | H25: =IF(B25<=D$6,SUM(E25:G25),"") -> 8696.9692 | K25: =IF(K24<M$6,K24+1,"") -> 10 | L25: =IF(K25<=M$6,EDATE($D$10,K25),"") -> 46614 | M25: =IF(K25<=M$6,M24-N25,"") -> 346969.68 | N25: =IF(K25<=M$6,-PPMT(M$7/12,K25,M$6,M$5,0),"") -> 5513.3338 | O25: =IF(K25<=M$6,-IPMT(M$7/12,K25,M$6,M$5,0),"") -> 3084.2263 | P25: =S25 -> 0 | Q25: =IF(K25<=M$6,SUM(N25:P25),"") -> 8597.5602 | T25: =IF(T24<V$6,T24+1,"") -> 10 | U25: =IF(T25<=V$6,EDATE($D$10,T25),"") -> 46614 | V25: =IF(T25<=V$6,V24-W25,"") -> 353328.81 | W25: =IF(T25<=V$6,-PPMT(V$7/12,T25,V$6,V$5,0),"") -> 4950.1698 | X25: =IF(T25<=V$6,-IPMT(V$7/12,T25,V$6,V$5,0),"") -> 4777.0531 | Y25: =AB25 -> 0 | Z25: =IF(T25<=V$6,SUM(W25:Y25),"") -> 9727.2228 | AC25: =IF(AC24<AE$6,AC24+1,"") -> 10 | AD25: =IF(AC25<=AE$6,EDATE($D$10,AC25),"") -> 46614 | AE25: =IF(AC25<=AE$6,AE24-AF25,"") -> 346667.61 | AF25: =IF(AC25<=AE$6,-PPMT(AE$7/12,AC25,AE$6,AE$5,0),"") -> 5539.6684 | AG25: =IF(AC25<=AE$6,-IPMT(AE$7/12,AC25,AE$6,AE$5,0),"") -> 3008.4372 | AH25: =AK25 -> 0 | AI25: =IF(AC25<=AE$6,SUM(AF25:AH25),"") -> 8548.1055 | AL25: =IF(AL24<AN$6,AL24+1,"") -> 10 | AM25: =IF(AL25<=AN$6,EDATE($D$10,AL25),"") -> 46614 | AN25: =IF(AL25<=AN$6,AN24-AO25,"") -> 17272.104 | AO25: =IF(AL25<=AN$6,-PPMT(AN$7/12,AL25,AN$6,AN$5,0),"") -> 282.30667 | AP25: =IF(AL25<=AN$6,-IPMT(AN$7/12,AL25,AN$6,AN$5,0),"") -> 135.24357 | AQ25: =AT25 -> 0 | AR25: =IF(AL25<=AN$6,SUM(AO25:AQ25),"") -> 417.55024 | AU25: =IF(AU24<AW$6,AU24+1,"") -> 10 | AV25: =IF(AU25<=AW$6,EDATE($D$10,AU25),"") -> 46614 | AW25: =IF(AU25<=AW$6,AW24-AX25,"") -> 17272.651 | AX25: =IF(AU25<=AW$6,-PPMT(AW$7/12,AU25,AW$6,AW$5,0),"") -> 282.25931 | AY25: =IF(AU25<=AW$6,-IPMT(AW$7/12,AU25,AW$6,AW$5,0),"") -> 135.37762 | AZ25: =BC25 -> 0 | BA25: =IF(AU25<=AW$6,SUM(AX25:AZ25),"") -> 417.63693 | BD25: =IF(BD24<BF$6,BD24+1,"") -> 10 | BE25: =IF(BD25<=BF$6,EDATE($D$10,BD25),"") -> 46614 | BF25: =IF(BD25<=BF$6,BF24-BG25,"") -> 1182530.9 | BG25: =IF(BD25<=BF$6,-PPMT(BF$7/12,BD25,BF$6,BF$5,0),"") -> 1809.5456 | BH25: =IF(BD25<=BF$6,-IPMT(BF$7/12,BD25,BF$6,BF$5,0),"") -> 9376.0287 | BI25: =BL25 -> 0 | BJ25: =IF(BD25<=BF$6,SUM(BG25:BI25),"") -> 11185.574 | BM25: =IF(BM24<BO$6,BM24+1,"") -> 10 | BN25: =IF(BM25<=BO$6,EDATE($D$10,BM25),"") -> 46614 | BO25: =IF(BM25<=BO$6,BO24-BP25,"") -> 59041.605 | BP25: =IF(BM25<=BO$6,-PPMT(BO$7/12,BM25,BO$6,BO$5,0),"") -> 99.002728 | BQ25: =IF(BM25<=BO$6,-IPMT(BO$7/12,BM25,BO$6,BO$5,0),"") -> 431.18924 | BR25: =BU25 -> 0 | BS25: =IF(BM25<=BO$6,SUM(BP25:BR25),"") -> 530.19197 | BV25: =IF(BV24<BX$6,BV24+1,"") -> 10 | BW25: =IF(BV25<=BX$6,EDATE($D$10,BV25),"") -> 46614 | BX25: =IF(BV25<=BX$6,BX24-BY25,"") -> 59042.18 | BY25: =IF(BV25<=BX$6,-PPMT(BX$7/12,BV25,BX$6,BX$5,0),"") -> 98.945061 | BZ25: =IF(BV25<=BX$6,-IPMT(BX$7/12,BV25,BX$6,BX$5,0),"") -> 431.43451 | CA25: =CD25 -> 0 | CB25: =IF(BV25<=BX$6,SUM(BY25:CA25),"") -> 530.37957
B26: =IF(B25<D$6,B25+1,"") -> 11 | C26: =IF(B26<=D$6,EDATE($D$10,B26),"") -> 46645 | D26: =IF(B26<=D$6,D25-E26,"") -> 342059.52 | E26: =IF(B26<=D$6,-PPMT(D$7/12,B26,D$6,D$5,0),"") -> 5510.907 | F26: =IF(B26<=D$6,-IPMT(D$7/12,B26,D$6,D$5,0),"") -> 3186.0623 | G26: =J26 -> 0 | H26: =IF(B26<=D$6,SUM(E26:G26),"") -> 8696.9692 | K26: =IF(K25<M$6,K25+1,"") -> 11 | L26: =IF(K26<=M$6,EDATE($D$10,K26),"") -> 46645 | M26: =IF(K26<=M$6,M25-N26,"") -> 341408.1 | N26: =IF(K26<=M$6,-PPMT(M$7/12,K26,M$6,M$5,0),"") -> 5561.5755 | O26: =IF(K26<=M$6,-IPMT(M$7/12,K26,M$6,M$5,0),"") -> 3035.9847 | P26: =S26 -> 0 | Q26: =IF(K26<=M$6,SUM(N26:P26),"") -> 8597.5602 | T26: =IF(T25<V$6,T25+1,"") -> 11 | U26: =IF(T26<=V$6,EDATE($D$10,T26),"") -> 46645 | V26: =IF(T26<=V$6,V25-W26,"") -> 348312.64 | W26: =IF(T26<=V$6,-PPMT(V$7/12,T26,V$6,V$5,0),"") -> 5016.172 | X26: =IF(T26<=V$6,-IPMT(V$7/12,T26,V$6,V$5,0),"") -> 4711.0508 | Y26: =AB26 -> 0 | Z26: =IF(T26<=V$6,SUM(W26:Y26),"") -> 9727.2228 | AC26: =IF(AC25<AE$6,AC25+1,"") -> 11 | AD26: =IF(AC26<=AE$6,EDATE($D$10,AC26),"") -> 46645 | AE26: =IF(AC26<=AE$6,AE25-AF26,"") -> 341080.62 | AF26: =IF(AC26<=AE$6,-PPMT(AE$7/12,AC26,AE$6,AE$5,0),"") -> 5586.9864 | AG26: =IF(AC26<=AE$6,-IPMT(AE$7/12,AC26,AE$6,AE$5,0),"") -> 2961.1192 | AH26: =AK26 -> 0 | AI26: =IF(AC26<=AE$6,SUM(AF26:AH26),"") -> 8548.1055 | AL26: =IF(AL25<AN$6,AL25+1,"") -> 11 | AM26: =IF(AL26<=AN$6,EDATE($D$10,AL26),"") -> 46645 | AN26: =IF(AL26<=AN$6,AN25-AO26,"") -> 16987.623 | AO26: =IF(AL26<=AN$6,-PPMT(AN$7/12,AL26,AN$6,AN$5,0),"") -> 284.48163 | AP26: =IF(AL26<=AN$6,-IPMT(AN$7/12,AL26,AN$6,AN$5,0),"") -> 133.06861 | AQ26: =AT26 -> 0 | AR26: =IF(AL26<=AN$6,SUM(AO26:AQ26),"") -> 417.55024 | AU26: =IF(AU25<AW$6,AU25+1,"") -> 11 | AV26: =IF(AU26<=AW$6,EDATE($D$10,AU26),"") -> 46645 | AW26: =IF(AU26<=AW$6,AW25-AX26,"") -> 16988.215 | AX26: =IF(AU26<=AW$6,-PPMT(AW$7/12,AU26,AW$6,AW$5,0),"") -> 284.436 | AY26: =IF(AU26<=AW$6,-IPMT(AW$7/12,AU26,AW$6,AW$5,0),"") -> 133.20093 | AZ26: =BC26 -> 0 | BA26: =IF(AU26<=AW$6,SUM(AX26:AZ26),"") -> 417.63693 | BD26: =IF(BD25<BF$6,BD25+1,"") -> 11 | BE26: =IF(BD26<=BF$6,EDATE($D$10,BD26),"") -> 46645 | BF26: =IF(BD26<=BF$6,BF25-BG26,"") -> 1180707 | BG26: =IF(BD26<=BF$6,-PPMT(BF$7/12,BD26,BF$6,BF$5,0),"") -> 1823.8712 | BH26: =IF(BD26<=BF$6,-IPMT(BF$7/12,BD26,BF$6,BF$5,0),"") -> 9361.7031 | BI26: =BL26 -> 0 | BJ26: =IF(BD26<=BF$6,SUM(BG26:BI26),"") -> 11185.574 | BM26: =IF(BM25<BO$6,BM25+1,"") -> 11 | BN26: =IF(BM26<=BO$6,EDATE($D$10,BM26),"") -> 46645 | BO26: =IF(BM26<=BO$6,BO25-BP26,"") -> 58941.88 | BP26: =IF(BM26<=BO$6,-PPMT(BO$7/12,BM26,BO$6,BO$5,0),"") -> 99.724549 | BQ26: =IF(BM26<=BO$6,-IPMT(BO$7/12,BM26,BO$6,BO$5,0),"") -> 430.46742 | BR26: =BU26 -> 0 | BS26: =IF(BM26<=BO$6,SUM(BP26:BR26),"") -> 530.19197 | BV26: =IF(BV25<BX$6,BV25+1,"") -> 11 | BW26: =IF(BV26<=BX$6,EDATE($D$10,BV26),"") -> 46645 | BX26: =IF(BV26<=BX$6,BX25-BY26,"") -> 58942.514 | BY26: =IF(BV26<=BX$6,-PPMT(BX$7/12,BV26,BX$6,BX$5,0),"") -> 99.666865 | BZ26: =IF(BV26<=BX$6,-IPMT(BX$7/12,BV26,BX$6,BX$5,0),"") -> 430.71271 | CA26: =CD26 -> 0 | CB26: =IF(BV26<=BX$6,SUM(BY26:CA26),"") -> 530.37957
B27: =IF(B26<D$6,B26+1,"") -> 12 | C27: =IF(B27<=D$6,EDATE($D$10,B27),"") -> 46675 | D27: =IF(B27<=D$6,D26-E27,"") -> 336498.1 | E27: =IF(B27<=D$6,-PPMT(D$7/12,B27,D$6,D$5,0),"") -> 5561.4236 | F27: =IF(B27<=D$6,-IPMT(D$7/12,B27,D$6,D$5,0),"") -> 3135.5456 | G27: =J27 -> 0 | H27: =IF(B27<=D$6,SUM(E27:G27),"") -> 8696.9692 | K27: =IF(K26<M$6,K26+1,"") -> 12 | L27: =IF(K27<=M$6,EDATE($D$10,K27),"") -> 46675 | M27: =IF(K27<=M$6,M26-N27,"") -> 335797.86 | N27: =IF(K27<=M$6,-PPMT(M$7/12,K27,M$6,M$5,0),"") -> 5610.2393 | O27: =IF(K27<=M$6,-IPMT(M$7/12,K27,M$6,M$5,0),"") -> 2987.3209 | P27: =S27 -> 0 | Q27: =IF(K27<=M$6,SUM(N27:P27),"") -> 8597.5602 | T27: =IF(T26<V$6,T26+1,"") -> 12 | U27: =IF(T27<=V$6,EDATE($D$10,T27),"") -> 46675 | V27: =IF(T27<=V$6,V26-W27,"") -> 343229.59 | W27: =IF(T27<=V$6,-PPMT(V$7/12,T27,V$6,V$5,0),"") -> 5083.0543 | X27: =IF(T27<=V$6,-IPMT(V$7/12,T27,V$6,V$5,0),"") -> 4644.1685 | Y27: =AB27 -> 0 | Z27: =IF(T27<=V$6,SUM(W27:Y27),"") -> 9727.2228 | AC27: =IF(AC26<AE$6,AC26+1,"") -> 12 | AD27: =IF(AC27<=AE$6,EDATE($D$10,AC27),"") -> 46675 | AE27: =IF(AC27<=AE$6,AE26-AF27,"") -> 335445.91 | AF27: =IF(AC27<=AE$6,-PPMT(AE$7/12,AC27,AE$6,AE$5,0),"") -> 5634.7085 | AG27: =IF(AC27<=AE$6,-IPMT(AE$7/12,AC27,AE$6,AE$5,0),"") -> 2913.397 | AH27: =AK27 -> 0 | AI27: =IF(AC27<=AE$6,SUM(AF27:AH27),"") -> 8548.1055 | AL27: =IF(AL26<AN$6,AL26+1,"") -> 12 | AM27: =IF(AL27<=AN$6,EDATE($D$10,AL27),"") -> 46675 | AN27: =IF(AL27<=AN$6,AN26-AO27,"") -> 16700.949 | AO27: =IF(AL27<=AN$6,-PPMT(AN$7/12,AL27,AN$6,AN$5,0),"") -> 286.67335 | AP27: =IF(AL27<=AN$6,-IPMT(AN$7/12,AL27,AN$6,AN$5,0),"") -> 130.87689 | AQ27: =AT27 -> 0 | AR27: =IF(AL27<=AN$6,SUM(AO27:AQ27),"") -> 417.55024 | AU27: =IF(AU26<AW$6,AU26+1,"") -> 12 | AV27: =IF(AU27<=AW$6,EDATE($D$10,AU27),"") -> 46675 | AW27: =IF(AU27<=AW$6,AW26-AX27,"") -> 16701.586 | AX27: =IF(AU27<=AW$6,-PPMT(AW$7/12,AU27,AW$6,AW$5,0),"") -> 286.62948 | AY27: =IF(AU27<=AW$6,-IPMT(AW$7/12,AU27,AW$6,AW$5,0),"") -> 131.00745 | AZ27: =BC27 -> 0 | BA27: =IF(AU27<=AW$6,SUM(AX27:AZ27),"") -> 417.63693 | BD27: =IF(BD26<BF$6,BD26+1,"") -> 12 | BE27: =IF(BD27<=BF$6,EDATE($D$10,BD27),"") -> 46675 | BF27: =IF(BD27<=BF$6,BF26-BG27,"") -> 1178868.7 | BG27: =IF(BD27<=BF$6,-PPMT(BF$7/12,BD27,BF$6,BF$5,0),"") -> 1838.3101 | BH27: =IF(BD27<=BF$6,-IPMT(BF$7/12,BD27,BF$6,BF$5,0),"") -> 9347.2641 | BI27: =BL27 -> 0 | BJ27: =IF(BD27<=BF$6,SUM(BG27:BI27),"") -> 11185.574 | BM27: =IF(BM26<BO$6,BM26+1,"") -> 12 | BN27: =IF(BM27<=BO$6,EDATE($D$10,BM27),"") -> 46675 | BO27: =IF(BM27<=BO$6,BO26-BP27,"") -> 58841.429 | BP27: =IF(BM27<=BO$6,-PPMT(BO$7/12,BM27,BO$6,BO$5,0),"") -> 100.45163 | BQ27: =IF(BM27<=BO$6,-IPMT(BO$7/12,BM27,BO$6,BO$5,0),"") -> 429.74034 | BR27: =BU27 -> 0 | BS27: =IF(BM27<=BO$6,SUM(BP27:BR27),"") -> 530.19197 | BV27: =IF(BV26<BX$6,BV26+1,"") -> 12 | BW27: =IF(BV27<=BX$6,EDATE($D$10,BV27),"") -> 46675 | BX27: =IF(BV27<=BX$6,BX26-BY27,"") -> 58842.12 | BY27: =IF(BV27<=BX$6,-PPMT(BX$7/12,BV27,BX$6,BX$5,0),"") -> 100.39394 | BZ27: =IF(BV27<=BX$6,-IPMT(BX$7/12,BV27,BX$6,BX$5,0),"") -> 429.98564 | CA27: =CD27 -> 0 | CB27: =IF(BV27<=BX$6,SUM(BY27:CA27),"") -> 530.37957
... B75: =IF(B74<D$6,B74+1,"") -> 60 | C75: =IF(B75<=D$6,EDATE($D$10,B75),"") -> 48136 | D75: =IF(B75<=D$6,D74-E75,"") -> 1.5097612e-10 | E75: =IF(B75<=D$6,-PPMT(D$7/12,B75,D$6,D$5,0),"") -> 8617.9712 | F75: =IF(B75<=D$6,-IPMT(D$7/12,B75,D$6,D$5,0),"") -> 78.998069 | G75: =J75 -> 0 | H75: =IF(B75<=D$6,SUM(E75:G75),"") -> 8696.9692 | K75: =IF(K74<M$6,K74+1,"") -> 60 | L75: =IF(K75<=M$6,EDATE($D$10,K75),"") -> 48136 | M75: =IF(K75<=M$6,M74-N75,"") -> 2.5465852e-11 | N75: =IF(K75<=M$6,-PPMT(M$7/12,K75,M$6,M$5,0),"") -> 8522.984 | O75: =IF(K75<=M$6,-IPMT(M$7/12,K75,M$6,M$5,0),"") -> 74.57611 | P75: =S75 -> 0 | Q75: =IF(K75<=M$6,SUM(N75:P75),"") -> 8597.5602 | T75: =IF(T74<V$6,T74+1,"") -> 60 | U75: =IF(T75<=V$6,EDATE($D$10,T75),"") -> 48136 | V75: =IF(T75<=V$6,V74-W75,"") -> 5.4569682e-12 | W75: =IF(T75<=V$6,-PPMT(V$7/12,T75,V$6,V$5,0),"") -> 9599.2331 | X75: =IF(T75<=V$6,-IPMT(V$7/12,T75,V$6,V$5,0),"") -> 127.98977 | Y75: =AB75 -> 0 | Z75: =IF(T75<=V$6,SUM(W75:Y75),"") -> 9727.2228 | AC75: =IF(AC74<AE$6,AC74+1,"") -> 60 | AD75: =IF(AC75<=AE$6,EDATE($D$10,AC75),"") -> 48136 | AE75: =IF(AC75<=AE$6,AE74-AF75,"") -> -4.1836756e-11 | AF75: =IF(AC75<=AE$6,-PPMT(AE$7/12,AC75,AE$6,AE$5,0),"") -> 8475.7089 | AG75: =IF(AC75<=AE$6,-IPMT(AE$7/12,AC75,AE$6,AE$5,0),"") -> 72.39668 | AH75: =AK75 -> 0 | AI75: =IF(AC75<=AE$6,SUM(AF75:AH75),"") -> 8548.1055 | AL75: =IF(AL74<AN$6,AL74+1,"") -> 60 | AM75: =IF(AL75<=AN$6,EDATE($D$10,AL75),"") -> 48136 | AN75: =IF(AL75<=AN$6,AN74-AO75,"") -> -5.4569682e-12 | AO75: =IF(AL75<=AN$6,-PPMT(AN$7/12,AL75,AN$6,AN$5,0),"") -> 414.35792 | AP75: =IF(AL75<=AN$6,-IPMT(AN$7/12,AL75,AN$6,AN$5,0),"") -> 3.192317 | AQ75: =AT75 -> 0 | AR75: =IF(AL75<=AN$6,SUM(AO75:AQ75),"") -> 417.55024 | AU75: =IF(AU74<AW$6,AU74+1,"") -> 60 | AV75: =IF(AU75<=AW$6,EDATE($D$10,AU75),"") -> 48136 | AW75: =IF(AU75<=AW$6,AW74-AX75,"") -> 8.5265128e-12 | AX75: =IF(AU75<=AW$6,-PPMT(AW$7/12,AU75,AW$6,AW$5,0),"") -> 414.4409 | AY75: =IF(AU75<=AW$6,-IPMT(AW$7/12,AU75,AW$6,AW$5,0),"") -> 3.1960301 | AZ75: =BC75 -> 0 | BA75: =IF(AU75<=AW$6,SUM(AX75:AZ75),"") -> 417.63693 | BD75: =IF(BD74<BF$6,BD74+1,"") -> 60 | BE75: =IF(BD75<=BF$6,EDATE($D$10,BD75),"") -> 48136 | BF75: =IF(BD75<=BF$6,BF74-BG75,"") -> 1071184.6 | BG75: =IF(BD75<=BF$6,-PPMT(BF$7/12,BD75,BF$6,BF$5,0),"") -> 2684.1134 | BH75: =IF(BD75<=BF$6,-IPMT(BF$7/12,BD75,BF$6,BF$5,0),"") -> 8501.4608 | BI75: =BL75 -> 0 | BJ75: =IF(BD75<=BF$6,SUM(BG75:BI75),"") -> 11185.574 | BM75: =IF(BM74<BO$6,BM74+1,"") -> 60 | BN75: =IF(BM75<=BO$6,EDATE($D$10,BM75),"") -> 48136 | BO75: =IF(BM75<=BO$6,BO74-BP75,"") -> 53051.266 | BP75: =IF(BM75<=BO$6,-PPMT(BO$7/12,BM75,BO$6,BO$5,0),"") -> 142.36166 | BQ75: =IF(BM75<=BO$6,-IPMT(BO$7/12,BM75,BO$6,BO$5,0),"") -> 387.83031 | BR75: =BU75 -> 0 | BS75: =IF(BM75<=BO$6,SUM(BP75:BR75),"") -> 530.19197 | BV75: =IF(BV74<BX$6,BV74+1,"") -> 60 | BW75: =IF(BV75<=BX$6,EDATE($D$10,BV75),"") -> 48136 | BX75: =IF(BV75<=BX$6,BX74-BY75,"") -> 53054.676 | BY75: =IF(BV75<=BX$6,-PPMT(BX$7/12,BV75,BX$6,BX$5,0),"") -> 142.30758 | BZ75: =IF(BV75<=BX$6,-IPMT(BX$7/12,BV75,BX$6,BX$5,0),"") -> 388.07199 | CA75: =CD75 -> 0 | CB75: =IF(BV75<=BX$6,SUM(BY75:CA75),"") -> 530.37957
B76: =IF(B75<D$6,B75+1,"") | C76: =IF(B76<=D$6,EDATE($D$10,B76),"") | D76: =IF(B76<=D$6,D75-E76,"") | E76: =IF(B76<=D$6,-PPMT(D$7/12,B76,D$6,D$5,0),"") | F76: =IF(B76<=D$6,-IPMT(D$7/12,B76,D$6,D$5,0),"") | G76: =IF(B76<=D$6,D$9,"") | H76: =IF(B76<=D$6,SUM(E76:G76),"") | K76: =IF(K75<M$6,K75+1,"") | L76: =IF(K76<=M$6,EDATE($D$10,K76),"") | M76: =IF(K76<=M$6,M75-N76,"") | N76: =IF(K76<=M$6,-PPMT(M$7/12,K76,M$6,M$5,0),"") | O76: =IF(K76<=M$6,-IPMT(M$7/12,K76,M$6,M$5,0),"") | P76: =IF(K76<=M$6,M$9,"") | Q76: =IF(K76<=M$6,SUM(N76:P76),"") | T76: =IF(T75<V$6,T75+1,"") | U76: =IF(T76<=V$6,EDATE($D$10,T76),"") | V76: =IF(T76<=V$6,V75-W76,"") | W76: =IF(T76<=V$6,-PPMT(V$7/12,T76,V$6,V$5,0),"") | X76: =IF(T76<=V$6,-IPMT(V$7/12,T76,V$6,V$5,0),"") | Y76: =IF(T76<=V$6,V$9,"") | Z76: =IF(T76<=V$6,SUM(W76:Y76),"") | AC76: =IF(AC75<AE$6,AC75+1,"") | AD76: =IF(AC76<=AE$6,EDATE($D$10,AC76),"") | AE76: =IF(AC76<=AE$6,AE75-AF76,"") | AF76: =IF(AC76<=AE$6,-PPMT(AE$7/12,AC76,AE$6,AE$5,0),"") | AG76: =IF(AC76<=AE$6,-IPMT(AE$7/12,AC76,AE$6,AE$5,0),"") | AH76: =IF(AC76<=AE$6,AE$9,"") | AI76: =IF(AC76<=AE$6,SUM(AF76:AH76),"") | AL76: =IF(AL75<AN$6,AL75+1,"") | AM76: =IF(AL76<=AN$6,EDATE($D$10,AL76),"") | AN76: =IF(AL76<=AN$6,AN75-AO76,"") | AO76: =IF(AL76<=AN$6,-PPMT(AN$7/12,AL76,AN$6,AN$5,0),"") | AP76: =IF(AL76<=AN$6,-IPMT(AN$7/12,AL76,AN$6,AN$5,0),"") | AQ76: =IF(AL76<=AN$6,AN$9,"") | AR76: =IF(AL76<=AN$6,SUM(AO76:AQ76),"") | AU76: =IF(AU75<AW$6,AU75+1,"") | AV76: =IF(AU76<=AW$6,EDATE($D$10,AU76),"") | AW76: =IF(AU76<=AW$6,AW75-AX76,"") | AX76: =IF(AU76<=AW$6,-PPMT(AW$7/12,AU76,AW$6,AW$5,0),"") | AY76: =IF(AU76<=AW$6,-IPMT(AW$7/12,AU76,AW$6,AW$5,0),"") | AZ76: =IF(AU76<=AW$6,AW$9,"") | BA76: =IF(AU76<=AW$6,SUM(AX76:AZ76),"") | BD76: =IF(BD75<BF$6,BD75+1,"") -> 61 | BE76: =IF(BD76<=BF$6,EDATE($D$10,BD76),"") -> 48167 | BF76: =IF(BD76<=BF$6,BF75-BG76,"") -> 1068479.3 | BG76: =IF(BD76<=BF$6,-PPMT(BF$7/12,BD76,BF$6,BF$5,0),"") -> 2705.3626 | BH76: =IF(BD76<=BF$6,-IPMT(BF$7/12,BD76,BF$6,BF$5,0),"") -> 8480.2116 | BI76: =IF(BD76<=BF$6,BF$9,"") -> 0 | BJ76: =IF(BD76<=BF$6,SUM(BG76:BI76),"") -> 11185.574 | BM76: =IF(BM75<BO$6,BM75+1,"") -> 61 | BN76: =IF(BM76<=BO$6,EDATE($D$10,BM76),"") -> 48167 | BO76: =IF(BM76<=BO$6,BO75-BP76,"") -> 52907.867 | BP76: =IF(BM76<=BO$6,-PPMT(BO$7/12,BM76,BO$6,BO$5,0),"") -> 143.39961 | BQ76: =IF(BM76<=BO$6,-IPMT(BO$7/12,BM76,BO$6,BO$5,0),"") -> 386.79236 | BR76: =IF(BM76<=BO$6,BO$9,"") -> 0 | BS76: =IF(BM76<=BO$6,SUM(BP76:BR76),"") -> 530.19197 | BV76: =IF(BV75<BX$6,BV75+1,"") -> 61 | BW76: =IF(BV76<=BX$6,EDATE($D$10,BV76),"") -> 48167 | BX76: =IF(BV76<=BX$6,BX75-BY76,"") -> 52911.33 | BY76: =IF(BV76<=BX$6,-PPMT(BX$7/12,BV76,BX$6,BX$5,0),"") -> 143.34571 | BZ76: =IF(BV76<=BX$6,-IPMT(BX$7/12,BV76,BX$6,BX$5,0),"") -> 387.03386 | CA76: =IF(BV76<=BX$6,BX$9,"") -> 0 | CB76: =IF(BV76<=BX$6,SUM(BY76:CA76),"") -> 530.37957
B77: =IF(B76<D$6,B76+1,"") | C77: =IF(B77<=D$6,EDATE($D$10,B77),"") | D77: =IF(B77<=D$6,D76-E77,"") | E77: =IF(B77<=D$6,-PPMT(D$7/12,B77,D$6,D$5,0),"") | F77: =IF(B77<=D$6,-IPMT(D$7/12,B77,D$6,D$5,0),"") | G77: =IF(B77<=D$6,D$9,"") | H77: =IF(B77<=D$6,SUM(E77:G77),"") | K77: =IF(K76<M$6,K76+1,"") | L77: =IF(K77<=M$6,EDATE($D$10,K77),"") | M77: =IF(K77<=M$6,M76-N77,"") | N77: =IF(K77<=M$6,-PPMT(M$7/12,K77,M$6,M$5,0),"") | O77: =IF(K77<=M$6,-IPMT(M$7/12,K77,M$6,M$5,0),"") | P77: =IF(K77<=M$6,M$9,"") | Q77: =IF(K77<=M$6,SUM(N77:P77),"") | T77: =IF(T76<V$6,T76+1,"") | U77: =IF(T77<=V$6,EDATE($D$10,T77),"") | V77: =IF(T77<=V$6,V76-W77,"") | W77: =IF(T77<=V$6,-PPMT(V$7/12,T77,V$6,V$5,0),"") | X77: =IF(T77<=V$6,-IPMT(V$7/12,T77,V$6,V$5,0),"") | Y77: =IF(T77<=V$6,V$9,"") | Z77: =IF(T77<=V$6,SUM(W77:Y77),"") | AC77: =IF(AC76<AE$6,AC76+1,"") | AD77: =IF(AC77<=AE$6,EDATE($D$10,AC77),"") | AE77: =IF(AC77<=AE$6,AE76-AF77,"") | AF77: =IF(AC77<=AE$6,-PPMT(AE$7/12,AC77,AE$6,AE$5,0),"") | AG77: =IF(AC77<=AE$6,-IPMT(AE$7/12,AC77,AE$6,AE$5,0),"") | AH77: =IF(AC77<=AE$6,AE$9,"") | AI77: =IF(AC77<=AE$6,SUM(AF77:AH77),"") | AL77: =IF(AL76<AN$6,AL76+1,"") | AM77: =IF(AL77<=AN$6,EDATE($D$10,AL77),"") | AN77: =IF(AL77<=AN$6,AN76-AO77,"") | AO77: =IF(AL77<=AN$6,-PPMT(AN$7/12,AL77,AN$6,AN$5,0),"") | AP77: =IF(AL77<=AN$6,-IPMT(AN$7/12,AL77,AN$6,AN$5,0),"") | AQ77: =IF(AL77<=AN$6,AN$9,"") | AR77: =IF(AL77<=AN$6,SUM(AO77:AQ77),"") | AU77: =IF(AU76<AW$6,AU76+1,"") | AV77: =IF(AU77<=AW$6,EDATE($D$10,AU77),"") | AW77: =IF(AU77<=AW$6,AW76-AX77,"") | AX77: =IF(AU77<=AW$6,-PPMT(AW$7/12,AU77,AW$6,AW$5,0),"") | AY77: =IF(AU77<=AW$6,-IPMT(AW$7/12,AU77,AW$6,AW$5,0),"") | AZ77: =IF(AU77<=AW$6,AW$9,"") | BA77: =IF(AU77<=AW$6,SUM(AX77:AZ77),"") | BD77: =IF(BD76<BF$6,BD76+1,"") -> 62 | BE77: =IF(BD77<=BF$6,EDATE($D$10,BD77),"") -> 48197 | BF77: =IF(BD77<=BF$6,BF76-BG77,"") -> 1065752.5 | BG77: =IF(BD77<=BF$6,-PPMT(BF$7/12,BD77,BF$6,BF$5,0),"") -> 2726.7801 | BH77: =IF(BD77<=BF$6,-IPMT(BF$7/12,BD77,BF$6,BF$5,0),"") -> 8458.7942 | BI77: =IF(BD77<=BF$6,BF$9,"") -> 0 | BJ77: =IF(BD77<=BF$6,SUM(BG77:BI77),"") -> 11185.574 | BM77: =IF(BM76<BO$6,BM76+1,"") -> 62 | BN77: =IF(BM77<=BO$6,EDATE($D$10,BM77),"") -> 48197 | BO77: =IF(BM77<=BO$6,BO76-BP77,"") -> 52763.422 | BP77: =IF(BM77<=BO$6,-PPMT(BO$7/12,BM77,BO$6,BO$5,0),"") -> 144.44512 | BQ77: =IF(BM77<=BO$6,-IPMT(BO$7/12,BM77,BO$6,BO$5,0),"") -> 385.74685 | BR77: =IF(BM77<=BO$6,BO$9,"") -> 0 | BS77: =IF(BM77<=BO$6,SUM(BP77:BR77),"") -> 530.19197 | BV77: =IF(BV76<BX$6,BV76+1,"") -> 62 | BW77: =IF(BV77<=BX$6,EDATE($D$10,BV77),"") -> 48197 | BX77: =IF(BV77<=BX$6,BX76-BY77,"") -> 52766.938 | BY77: =IF(BV77<=BX$6,-PPMT(BX$7/12,BV77,BX$6,BX$5,0),"") -> 144.39142 | BZ77: =IF(BV77<=BX$6,-IPMT(BX$7/12,BV77,BX$6,BX$5,0),"") -> 385.98815 | CA77: =IF(BV77<=BX$6,BX$9,"") -> 0 | CB77: =IF(BV77<=BX$6,SUM(BY77:CA77),"") -> 530.37957
B78: =IF(B77<D$6,B77+1,"") | C78: =IF(B78<=D$6,EDATE($D$10,B78),"") | D78: =IF(B78<=D$6,D77-E78,"") | E78: =IF(B78<=D$6,-PPMT(D$7/12,B78,D$6,D$5,0),"") | F78: =IF(B78<=D$6,-IPMT(D$7/12,B78,D$6,D$5,0),"") | G78: =IF(B78<=D$6,D$9,"") | H78: =IF(B78<=D$6,SUM(E78:G78),"") | K78: =IF(K77<M$6,K77+1,"") | L78: =IF(K78<=M$6,EDATE($D$10,K78),"") | M78: =IF(K78<=M$6,M77-N78,"") | N78: =IF(K78<=M$6,-PPMT(M$7/12,K78,M$6,M$5,0),"") | O78: =IF(K78<=M$6,-IPMT(M$7/12,K78,M$6,M$5,0),"") | P78: =IF(K78<=M$6,M$9,"") | Q78: =IF(K78<=M$6,SUM(N78:P78),"") | T78: =IF(T77<V$6,T77+1,"") | U78: =IF(T78<=V$6,EDATE($D$10,T78),"") | V78: =IF(T78<=V$6,V77-W78,"") | W78: =IF(T78<=V$6,-PPMT(V$7/12,T78,V$6,V$5,0),"") | X78: =IF(T78<=V$6,-IPMT(V$7/12,T78,V$6,V$5,0),"") | Y78: =IF(T78<=V$6,V$9,"") | Z78: =IF(T78<=V$6,SUM(W78:Y78),"") | AC78: =IF(AC77<AE$6,AC77+1,"") | AD78: =IF(AC78<=AE$6,EDATE($D$10,AC78),"") | AE78: =IF(AC78<=AE$6,AE77-AF78,"") | AF78: =IF(AC78<=AE$6,-PPMT(AE$7/12,AC78,AE$6,AE$5,0),"") | AG78: =IF(AC78<=AE$6,-IPMT(AE$7/12,AC78,AE$6,AE$5,0),"") | AH78: =IF(AC78<=AE$6,AE$9,"") | AI78: =IF(AC78<=AE$6,SUM(AF78:AH78),"") | AL78: =IF(AL77<AN$6,AL77+1,"") | AM78: =IF(AL78<=AN$6,EDATE($D$10,AL78),"") | AN78: =IF(AL78<=AN$6,AN77-AO78,"") | AO78: =IF(AL78<=AN$6,-PPMT(AN$7/12,AL78,AN$6,AN$5,0),"") | AP78: =IF(AL78<=AN$6,-IPMT(AN$7/12,AL78,AN$6,AN$5,0),"") | AQ78: =IF(AL78<=AN$6,AN$9,"") | AR78: =IF(AL78<=AN$6,SUM(AO78:AQ78),"") | AU78: =IF(AU77<AW$6,AU77+1,"") | AV78: =IF(AU78<=AW$6,EDATE($D$10,AU78),"") | AW78: =IF(AU78<=AW$6,AW77-AX78,"") | AX78: =IF(AU78<=AW$6,-PPMT(AW$7/12,AU78,AW$6,AW$5,0),"") | AY78: =IF(AU78<=AW$6,-IPMT(AW$7/12,AU78,AW$6,AW$5,0),"") | AZ78: =IF(AU78<=AW$6,AW$9,"") | BA78: =IF(AU78<=AW$6,SUM(AX78:AZ78),"") | BD78: =IF(BD77<BF$6,BD77+1,"") -> 63 | BE78: =IF(BD78<=BF$6,EDATE($D$10,BD78),"") -> 48228 | BF78: =IF(BD78<=BF$6,BF77-BG78,"") -> 1063004.1 | BG78: =IF(BD78<=BF$6,-PPMT(BF$7/12,BD78,BF$6,BF$5,0),"") -> 2748.3671 | BH78: =IF(BD78<=BF$6,-IPMT(BF$7/12,BD78,BF$6,BF$5,0),"") -> 8437.2072 | BI78: =IF(BD78<=BF$6,BF$9,"") -> 0 | BJ78: =IF(BD78<=BF$6,SUM(BG78:BI78),"") -> 11185.574 | BM78: =IF(BM77<BO$6,BM77+1,"") -> 63 | BN78: =IF(BM78<=BO$6,EDATE($D$10,BM78),"") -> 48228 | BO78: =IF(BM78<=BO$6,BO77-BP78,"") -> 52617.923 | BP78: =IF(BM78<=BO$6,-PPMT(BO$7/12,BM78,BO$6,BO$5,0),"") -> 145.49826 | BQ78: =IF(BM78<=BO$6,-IPMT(BO$7/12,BM78,BO$6,BO$5,0),"") -> 384.69371 | BR78: =IF(BM78<=BO$6,BO$9,"") -> 0 | BS78: =IF(BM78<=BO$6,SUM(BP78:BR78),"") -> 530.19197 | BV78: =IF(BV77<BX$6,BV77+1,"") -> 63 | BW78: =IF(BV78<=BX$6,EDATE($D$10,BV78),"") -> 48228 | BX78: =IF(BV78<=BX$6,BX77-BY78,"") -> 52621.494 | BY78: =IF(BV78<=BX$6,-PPMT(BX$7/12,BV78,BX$6,BX$5,0),"") -> 145.44476 | BZ78: =IF(BV78<=BX$6,-IPMT(BX$7/12,BV78,BX$6,BX$5,0),"") -> 384.93482 | CA78: =IF(BV78<=BX$6,BX$9,"") -> 0 | CB78: =IF(BV78<=BX$6,SUM(BY78:CA78),"") -> 530.37957
B79: =IF(B78<D$6,B78+1,"") | C79: =IF(B79<=D$6,EDATE($D$10,B79),"") | D79: =IF(B79<=D$6,D78-E79,"") | E79: =IF(B79<=D$6,-PPMT(D$7/12,B79,D$6,D$5,0),"") | F79: =IF(B79<=D$6,-IPMT(D$7/12,B79,D$6,D$5,0),"") | G79: =IF(B79<=D$6,D$9,"") | H79: =IF(B79<=D$6,SUM(E79:G79),"") | K79: =IF(K78<M$6,K78+1,"") | L79: =IF(K79<=M$6,EDATE($D$10,K79),"") | M79: =IF(K79<=M$6,M78-N79,"") | N79: =IF(K79<=M$6,-PPMT(M$7/12,K79,M$6,M$5,0),"") | O79: =IF(K79<=M$6,-IPMT(M$7/12,K79,M$6,M$5,0),"") | P79: =IF(K79<=M$6,M$9,"") | Q79: =IF(K79<=M$6,SUM(N79:P79),"") | T79: =IF(T78<V$6,T78+1,"") | U79: =IF(T79<=V$6,EDATE($D$10,T79),"") | V79: =IF(T79<=V$6,V78-W79,"") | W79: =IF(T79<=V$6,-PPMT(V$7/12,T79,V$6,V$5,0),"") | X79: =IF(T79<=V$6,-IPMT(V$7/12,T79,V$6,V$5,0),"") | Y79: =IF(T79<=V$6,V$9,"") | Z79: =IF(T79<=V$6,SUM(W79:Y79),"") | AC79: =IF(AC78<AE$6,AC78+1,"") | AD79: =IF(AC79<=AE$6,EDATE($D$10,AC79),"") | AE79: =IF(AC79<=AE$6,AE78-AF79,"") | AF79: =IF(AC79<=AE$6,-PPMT(AE$7/12,AC79,AE$6,AE$5,0),"") | AG79: =IF(AC79<=AE$6,-IPMT(AE$7/12,AC79,AE$6,AE$5,0),"") | AH79: =IF(AC79<=AE$6,AE$9,"") | AI79: =IF(AC79<=AE$6,SUM(AF79:AH79),"") | AL79: =IF(AL78<AN$6,AL78+1,"") | AM79: =IF(AL79<=AN$6,EDATE($D$10,AL79),"") | AN79: =IF(AL79<=AN$6,AN78-AO79,"") | AO79: =IF(AL79<=AN$6,-PPMT(AN$7/12,AL79,AN$6,AN$5,0),"") | AP79: =IF(AL79<=AN$6,-IPMT(AN$7/12,AL79,AN$6,AN$5,0),"") | AQ79: =IF(AL79<=AN$6,AN$9,"") | AR79: =IF(AL79<=AN$6,SUM(AO79:AQ79),"") | AU79: =IF(AU78<AW$6,AU78+1,"") | AV79: =IF(AU79<=AW$6,EDATE($D$10,AU79),"") | AW79: =IF(AU79<=AW$6,AW78-AX79,"") | AX79: =IF(AU79<=AW$6,-PPMT(AW$7/12,AU79,AW$6,AW$5,0),"") | AY79: =IF(AU79<=AW$6,-IPMT(AW$7/12,AU79,AW$6,AW$5,0),"") | AZ79: =IF(AU79<=AW$6,AW$9,"") | BA79: =IF(AU79<=AW$6,SUM(AX79:AZ79),"") | BD79: =IF(BD78<BF$6,BD78+1,"") -> 64 | BE79: =IF(BD79<=BF$6,EDATE($D$10,BD79),"") -> 48259 | BF79: =IF(BD79<=BF$6,BF78-BG79,"") -> 1060234 | BG79: =IF(BD79<=BF$6,-PPMT(BF$7/12,BD79,BF$6,BF$5,0),"") -> 2770.125 | BH79: =IF(BD79<=BF$6,-IPMT(BF$7/12,BD79,BF$6,BF$5,0),"") -> 8415.4492 | BI79: =IF(BD79<=BF$6,BF$9,"") -> 0 | BJ79: =IF(BD79<=BF$6,SUM(BG79:BI79),"") -> 11185.574 | BM79: =IF(BM78<BO$6,BM78+1,"") -> 64 | BN79: =IF(BM79<=BO$6,EDATE($D$10,BM79),"") -> 48259 | BO79: =IF(BM79<=BO$6,BO78-BP79,"") -> 52471.364 | BP79: =IF(BM79<=BO$6,-PPMT(BO$7/12,BM79,BO$6,BO$5,0),"") -> 146.55908 | BQ79: =IF(BM79<=BO$6,-IPMT(BO$7/12,BM79,BO$6,BO$5,0),"") -> 383.63289 | BR79: =IF(BM79<=BO$6,BO$9,"") -> 0 | BS79: =IF(BM79<=BO$6,SUM(BP79:BR79),"") -> 530.19197 | BV79: =IF(BV78<BX$6,BV78+1,"") -> 64 | BW79: =IF(BV79<=BX$6,EDATE($D$10,BV79),"") -> 48259 | BX79: =IF(BV79<=BX$6,BX78-BY79,"") -> 52474.988 | BY79: =IF(BV79<=BX$6,-PPMT(BX$7/12,BV79,BX$6,BX$5,0),"") -> 146.50578 | BZ79: =IF(BV79<=BX$6,-IPMT(BX$7/12,BV79,BX$6,BX$5,0),"") -> 383.8738 | CA79: =IF(BV79<=BX$6,BX$9,"") -> 0 | CB79: =IF(BV79<=BX$6,SUM(BY79:CA79),"") -> 530.37957
B80: =IF(B79<D$6,B79+1,"") | C80: =IF(B80<=D$6,EDATE($D$10,B80),"") | D80: =IF(B80<=D$6,D79-E80,"") | E80: =IF(B80<=D$6,-PPMT(D$7/12,B80,D$6,D$5,0),"") | F80: =IF(B80<=D$6,-IPMT(D$7/12,B80,D$6,D$5,0),"") | G80: =IF(B80<=D$6,D$9,"") | H80: =IF(B80<=D$6,SUM(E80:G80),"") | K80: =IF(K79<M$6,K79+1,"") | L80: =IF(K80<=M$6,EDATE($D$10,K80),"") | M80: =IF(K80<=M$6,M79-N80,"") | N80: =IF(K80<=M$6,-PPMT(M$7/12,K80,M$6,M$5,0),"") | O80: =IF(K80<=M$6,-IPMT(M$7/12,K80,M$6,M$5,0),"") | P80: =IF(K80<=M$6,M$9,"") | Q80: =IF(K80<=M$6,SUM(N80:P80),"") | T80: =IF(T79<V$6,T79+1,"") | U80: =IF(T80<=V$6,EDATE($D$10,T80),"") | V80: =IF(T80<=V$6,V79-W80,"") | W80: =IF(T80<=V$6,-PPMT(V$7/12,T80,V$6,V$5,0),"") | X80: =IF(T80<=V$6,-IPMT(V$7/12,T80,V$6,V$5,0),"") | Y80: =IF(T80<=V$6,V$9,"") | Z80: =IF(T80<=V$6,SUM(W80:Y80),"") | AC80: =IF(AC79<AE$6,AC79+1,"") | AD80: =IF(AC80<=AE$6,EDATE($D$10,AC80),"") | AE80: =IF(AC80<=AE$6,AE79-AF80,"") | AF80: =IF(AC80<=AE$6,-PPMT(AE$7/12,AC80,AE$6,AE$5,0),"") | AG80: =IF(AC80<=AE$6,-IPMT(AE$7/12,AC80,AE$6,AE$5,0),"") | AH80: =IF(AC80<=AE$6,AE$9,"") | AI80: =IF(AC80<=AE$6,SUM(AF80:AH80),"") | AL80: =IF(AL79<AN$6,AL79+1,"") | AM80: =IF(AL80<=AN$6,EDATE($D$10,AL80),"") | AN80: =IF(AL80<=AN$6,AN79-AO80,"") | AO80: =IF(AL80<=AN$6,-PPMT(AN$7/12,AL80,AN$6,AN$5,0),"") | AP80: =IF(AL80<=AN$6,-IPMT(AN$7/12,AL80,AN$6,AN$5,0),"") | AQ80: =IF(AL80<=AN$6,AN$9,"") | AR80: =IF(AL80<=AN$6,SUM(AO80:AQ80),"") | AU80: =IF(AU79<AW$6,AU79+1,"") | AV80: =IF(AU80<=AW$6,EDATE($D$10,AU80),"") | AW80: =IF(AU80<=AW$6,AW79-AX80,"") | AX80: =IF(AU80<=AW$6,-PPMT(AW$7/12,AU80,AW$6,AW$5,0),"") | AY80: =IF(AU80<=AW$6,-IPMT(AW$7/12,AU80,AW$6,AW$5,0),"") | AZ80: =IF(AU80<=AW$6,AW$9,"") | BA80: =IF(AU80<=AW$6,SUM(AX80:AZ80),"") | BD80: =IF(BD79<BF$6,BD79+1,"") -> 65 | BE80: =IF(BD80<=BF$6,EDATE($D$10,BD80),"") -> 48288 | BF80: =IF(BD80<=BF$6,BF79-BG80,"") -> 1057441.9 | BG80: =IF(BD80<=BF$6,-PPMT(BF$7/12,BD80,BF$6,BF$5,0),"") -> 2792.0552 | BH80: =IF(BD80<=BF$6,-IPMT(BF$7/12,BD80,BF$6,BF$5,0),"") -> 8393.5191 | BI80: =IF(BD80<=BF$6,BF$9,"") -> 0 | BJ80: =IF(BD80<=BF$6,SUM(BG80:BI80),"") -> 11185.574 | BM80: =IF(BM79<BO$6,BM79+1,"") -> 65 | BN80: =IF(BM80<=BO$6,EDATE($D$10,BM80),"") -> 48288 | BO80: =IF(BM80<=BO$6,BO79-BP80,"") -> 52323.737 | BP80: =IF(BM80<=BO$6,-PPMT(BO$7/12,BM80,BO$6,BO$5,0),"") -> 147.62763 | BQ80: =IF(BM80<=BO$6,-IPMT(BO$7/12,BM80,BO$6,BO$5,0),"") -> 382.56434 | BR80: =IF(BM80<=BO$6,BO$9,"") -> 0 | BS80: =IF(BM80<=BO$6,SUM(BP80:BR80),"") -> 530.19197 | BV80: =IF(BV79<BX$6,BV79+1,"") -> 65 | BW80: =IF(BV80<=BX$6,EDATE($D$10,BV80),"") -> 48288 | BX80: =IF(BV80<=BX$6,BX79-BY80,"") -> 52327.413 | BY80: =IF(BV80<=BX$6,-PPMT(BX$7/12,BV80,BX$6,BX$5,0),"") -> 147.57453 | BZ80: =IF(BV80<=BX$6,-IPMT(BX$7/12,BV80,BX$6,BX$5,0),"") -> 382.80504 | CA80: =IF(BV80<=BX$6,BX$9,"") -> 0 | CB80: =IF(BV80<=BX$6,SUM(BY80:CA80),"") -> 530.37957
B81: =IF(B80<D$6,B80+1,"") | C81: =IF(B81<=D$6,EDATE($D$10,B81),"") | D81: =IF(B81<=D$6,D80-E81,"") | E81: =IF(B81<=D$6,-PPMT(D$7/12,B81,D$6,D$5,0),"") | F81: =IF(B81<=D$6,-IPMT(D$7/12,B81,D$6,D$5,0),"") | G81: =IF(B81<=D$6,D$9,"") | H81: =IF(B81<=D$6,SUM(E81:G81),"") | K81: =IF(K80<M$6,K80+1,"") | L81: =IF(K81<=M$6,EDATE($D$10,K81),"") | M81: =IF(K81<=M$6,M80-N81,"") | N81: =IF(K81<=M$6,-PPMT(M$7/12,K81,M$6,M$5,0),"") | O81: =IF(K81<=M$6,-IPMT(M$7/12,K81,M$6,M$5,0),"") | P81: =IF(K81<=M$6,M$9,"") | Q81: =IF(K81<=M$6,SUM(N81:P81),"") | T81: =IF(T80<V$6,T80+1,"") | U81: =IF(T81<=V$6,EDATE($D$10,T81),"") | V81: =IF(T81<=V$6,V80-W81,"") | W81: =IF(T81<=V$6,-PPMT(V$7/12,T81,V$6,V$5,0),"") | X81: =IF(T81<=V$6,-IPMT(V$7/12,T81,V$6,V$5,0),"") | Y81: =IF(T81<=V$6,V$9,"") | Z81: =IF(T81<=V$6,SUM(W81:Y81),"") | AC81: =IF(AC80<AE$6,AC80+1,"") | AD81: =IF(AC81<=AE$6,EDATE($D$10,AC81),"") | AE81: =IF(AC81<=AE$6,AE80-AF81,"") | AF81: =IF(AC81<=AE$6,-PPMT(AE$7/12,AC81,AE$6,AE$5,0),"") | AG81: =IF(AC81<=AE$6,-IPMT(AE$7/12,AC81,AE$6,AE$5,0),"") | AH81: =IF(AC81<=AE$6,AE$9,"") | AI81: =IF(AC81<=AE$6,SUM(AF81:AH81),"") | AL81: =IF(AL80<AN$6,AL80+1,"") | AM81: =IF(AL81<=AN$6,EDATE($D$10,AL81),"") | AN81: =IF(AL81<=AN$6,AN80-AO81,"") | AO81: =IF(AL81<=AN$6,-PPMT(AN$7/12,AL81,AN$6,AN$5,0),"") | AP81: =IF(AL81<=AN$6,-IPMT(AN$7/12,AL81,AN$6,AN$5,0),"") | AQ81: =IF(AL81<=AN$6,AN$9,"") | AR81: =IF(AL81<=AN$6,SUM(AO81:AQ81),"") | AU81: =IF(AU80<AW$6,AU80+1,"") | AV81: =IF(AU81<=AW$6,EDATE($D$10,AU81),"") | AW81: =IF(AU81<=AW$6,AW80-AX81,"") | AX81: =IF(AU81<=AW$6,-PPMT(AW$7/12,AU81,AW$6,AW$5,0),"") | AY81: =IF(AU81<=AW$6,-IPMT(AW$7/12,AU81,AW$6,AW$5,0),"") | AZ81: =IF(AU81<=AW$6,AW$9,"") | BA81: =IF(AU81<=AW$6,SUM(AX81:AZ81),"") | BD81: =IF(BD80<BF$6,BD80+1,"") -> 66 | BE81: =IF(BD81<=BF$6,EDATE($D$10,BD81),"") -> 48319 | BF81: =IF(BD81<=BF$6,BF80-BG81,"") -> 1054627.8 | BG81: =IF(BD81<=BF$6,-PPMT(BF$7/12,BD81,BF$6,BF$5,0),"") -> 2814.1589 | BH81: =IF(BD81<=BF$6,-IPMT(BF$7/12,BD81,BF$6,BF$5,0),"") -> 8371.4153 | BI81: =IF(BD81<=BF$6,BF$9,"") -> 0 | BJ81: =IF(BD81<=BF$6,SUM(BG81:BI81),"") -> 11185.574 | BM81: =IF(BM80<BO$6,BM80+1,"") -> 66 | BN81: =IF(BM81<=BO$6,EDATE($D$10,BM81),"") -> 48319 | BO81: =IF(BM81<=BO$6,BO80-BP81,"") -> 52175.033 | BP81: =IF(BM81<=BO$6,-PPMT(BO$7/12,BM81,BO$6,BO$5,0),"") -> 148.70397 | BQ81: =IF(BM81<=BO$6,-IPMT(BO$7/12,BM81,BO$6,BO$5,0),"") -> 381.488 | BR81: =IF(BM81<=BO$6,BO$9,"") -> 0 | BS81: =IF(BM81<=BO$6,SUM(BP81:BR81),"") -> 530.19197 | BV81: =IF(BV80<BX$6,BV80+1,"") -> 66 | BW81: =IF(BV81<=BX$6,EDATE($D$10,BV81),"") -> 48319 | BX81: =IF(BV81<=BX$6,BX80-BY81,"") -> 52178.762 | BY81: =IF(BV81<=BX$6,-PPMT(BX$7/12,BV81,BX$6,BX$5,0),"") -> 148.65109 | BZ81: =IF(BV81<=BX$6,-IPMT(BX$7/12,BV81,BX$6,BX$5,0),"") -> 381.72848 | CA81: =IF(BV81<=BX$6,BX$9,"") -> 0 | CB81: =IF(BV81<=BX$6,SUM(BY81:CA81),"") -> 530.37957
B82: =IF(B81<D$6,B81+1,"") | C82: =IF(B82<=D$6,EDATE($D$10,B82),"") | D82: =IF(B82<=D$6,D81-E82,"") | E82: =IF(B82<=D$6,-PPMT(D$7/12,B82,D$6,D$5,0),"") | F82: =IF(B82<=D$6,-IPMT(D$7/12,B82,D$6,D$5,0),"") | G82: =IF(B82<=D$6,D$9,"") | H82: =IF(B82<=D$6,SUM(E82:G82),"") | K82: =IF(K81<M$6,K81+1,"") | L82: =IF(K82<=M$6,EDATE($D$10,K82),"") | M82: =IF(K82<=M$6,M81-N82,"") | N82: =IF(K82<=M$6,-PPMT(M$7/12,K82,M$6,M$5,0),"") | O82: =IF(K82<=M$6,-IPMT(M$7/12,K82,M$6,M$5,0),"") | P82: =IF(K82<=M$6,M$9,"") | Q82: =IF(K82<=M$6,SUM(N82:P82),"") | T82: =IF(T81<V$6,T81+1,"") | U82: =IF(T82<=V$6,EDATE($D$10,T82),"") | V82: =IF(T82<=V$6,V81-W82,"") | W82: =IF(T82<=V$6,-PPMT(V$7/12,T82,V$6,V$5,0),"") | X82: =IF(T82<=V$6,-IPMT(V$7/12,T82,V$6,V$5,0),"") | Y82: =IF(T82<=V$6,V$9,"") | Z82: =IF(T82<=V$6,SUM(W82:Y82),"") | AC82: =IF(AC81<AE$6,AC81+1,"") | AD82: =IF(AC82<=AE$6,EDATE($D$10,AC82),"") | AE82: =IF(AC82<=AE$6,AE81-AF82,"") | AF82: =IF(AC82<=AE$6,-PPMT(AE$7/12,AC82,AE$6,AE$5,0),"") | AG82: =IF(AC82<=AE$6,-IPMT(AE$7/12,AC82,AE$6,AE$5,0),"") | AH82: =IF(AC82<=AE$6,AE$9,"") | AI82: =IF(AC82<=AE$6,SUM(AF82:AH82),"") | AL82: =IF(AL81<AN$6,AL81+1,"") | AM82: =IF(AL82<=AN$6,EDATE($D$10,AL82),"") | AN82: =IF(AL82<=AN$6,AN81-AO82,"") | AO82: =IF(AL82<=AN$6,-PPMT(AN$7/12,AL82,AN$6,AN$5,0),"") | AP82: =IF(AL82<=AN$6,-IPMT(AN$7/12,AL82,AN$6,AN$5,0),"") | AQ82: =IF(AL82<=AN$6,AN$9,"") | AR82: =IF(AL82<=AN$6,SUM(AO82:AQ82),"") | AU82: =IF(AU81<AW$6,AU81+1,"") | AV82: =IF(AU82<=AW$6,EDATE($D$10,AU82),"") | AW82: =IF(AU82<=AW$6,AW81-AX82,"") | AX82: =IF(AU82<=AW$6,-PPMT(AW$7/12,AU82,AW$6,AW$5,0),"") | AY82: =IF(AU82<=AW$6,-IPMT(AW$7/12,AU82,AW$6,AW$5,0),"") | AZ82: =IF(AU82<=AW$6,AW$9,"") | BA82: =IF(AU82<=AW$6,SUM(AX82:AZ82),"") | BD82: =IF(BD81<BF$6,BD81+1,"") -> 67 | BE82: =IF(BD82<=BF$6,EDATE($D$10,BD82),"") -> 48349 | BF82: =IF(BD82<=BF$6,BF81-BG82,"") -> 1051791.3 | BG82: =IF(BD82<=BF$6,-PPMT(BF$7/12,BD82,BF$6,BF$5,0),"") -> 2836.4377 | BH82: =IF(BD82<=BF$6,-IPMT(BF$7/12,BD82,BF$6,BF$5,0),"") -> 8349.1366 | BI82: =IF(BD82<=BF$6,BF$9,"") -> 0 | BJ82: =IF(BD82<=BF$6,SUM(BG82:BI82),"") -> 11185.574 | BM82: =IF(BM81<BO$6,BM81+1,"") -> 67 | BN82: =IF(BM82<=BO$6,EDATE($D$10,BM82),"") -> 48349 | BO82: =IF(BM82<=BO$6,BO81-BP82,"") -> 52025.245 | BP82: =IF(BM82<=BO$6,-PPMT(BO$7/12,BM82,BO$6,BO$5,0),"") -> 149.78815 | BQ82: =IF(BM82<=BO$6,-IPMT(BO$7/12,BM82,BO$6,BO$5,0),"") -> 380.40382 | BR82: =IF(BM82<=BO$6,BO$9,"") -> 0 | BS82: =IF(BM82<=BO$6,SUM(BP82:BR82),"") -> 530.19197 | BV82: =IF(BV81<BX$6,BV81+1,"") -> 67 | BW82: =IF(BV82<=BX$6,EDATE($D$10,BV82),"") -> 48349 | BX82: =IF(BV82<=BX$6,BX81-BY82,"") -> 52029.027 | BY82: =IF(BV82<=BX$6,-PPMT(BX$7/12,BV82,BX$6,BX$5,0),"") -> 149.7355 | BZ82: =IF(BV82<=BX$6,-IPMT(BX$7/12,BV82,BX$6,BX$5,0),"") -> 380.64407 | CA82: =IF(BV82<=BX$6,BX$9,"") -> 0 | CB82: =IF(BV82<=BX$6,SUM(BY82:CA82),"") -> 530.37957
B83: =IF(B82<D$6,B82+1,"") | C83: =IF(B83<=D$6,EDATE($D$10,B83),"") | D83: =IF(B83<=D$6,D82-E83,"") | E83: =IF(B83<=D$6,-PPMT(D$7/12,B83,D$6,D$5,0),"") | F83: =IF(B83<=D$6,-IPMT(D$7/12,B83,D$6,D$5,0),"") | G83: =IF(B83<=D$6,D$9,"") | H83: =IF(B83<=D$6,SUM(E83:G83),"") | K83: =IF(K82<M$6,K82+1,"") | L83: =IF(K83<=M$6,EDATE($D$10,K83),"") | M83: =IF(K83<=M$6,M82-N83,"") | N83: =IF(K83<=M$6,-PPMT(M$7/12,K83,M$6,M$5,0),"") | O83: =IF(K83<=M$6,-IPMT(M$7/12,K83,M$6,M$5,0),"") | P83: =IF(K83<=M$6,M$9,"") | Q83: =IF(K83<=M$6,SUM(N83:P83),"") | T83: =IF(T82<V$6,T82+1,"") | U83: =IF(T83<=V$6,EDATE($D$10,T83),"") | V83: =IF(T83<=V$6,V82-W83,"") | W83: =IF(T83<=V$6,-PPMT(V$7/12,T83,V$6,V$5,0),"") | X83: =IF(T83<=V$6,-IPMT(V$7/12,T83,V$6,V$5,0),"") | Y83: =IF(T83<=V$6,V$9,"") | Z83: =IF(T83<=V$6,SUM(W83:Y83),"") | AC83: =IF(AC82<AE$6,AC82+1,"") | AD83: =IF(AC83<=AE$6,EDATE($D$10,AC83),"") | AE83: =IF(AC83<=AE$6,AE82-AF83,"") | AF83: =IF(AC83<=AE$6,-PPMT(AE$7/12,AC83,AE$6,AE$5,0),"") | AG83: =IF(AC83<=AE$6,-IPMT(AE$7/12,AC83,AE$6,AE$5,0),"") | AH83: =IF(AC83<=AE$6,AE$9,"") | AI83: =IF(AC83<=AE$6,SUM(AF83:AH83),"") | AL83: =IF(AL82<AN$6,AL82+1,"") | AM83: =IF(AL83<=AN$6,EDATE($D$10,AL83),"") | AN83: =IF(AL83<=AN$6,AN82-AO83,"") | AO83: =IF(AL83<=AN$6,-PPMT(AN$7/12,AL83,AN$6,AN$5,0),"") | AP83: =IF(AL83<=AN$6,-IPMT(AN$7/12,AL83,AN$6,AN$5,0),"") | AQ83: =IF(AL83<=AN$6,AN$9,"") | AR83: =IF(AL83<=AN$6,SUM(AO83:AQ83),"") | AU83: =IF(AU82<AW$6,AU82+1,"") | AV83: =IF(AU83<=AW$6,EDATE($D$10,AU83),"") | AW83: =IF(AU83<=AW$6,AW82-AX83,"") | AX83: =IF(AU83<=AW$6,-PPMT(AW$7/12,AU83,AW$6,AW$5,0),"") | AY83: =IF(AU83<=AW$6,-IPMT(AW$7/12,AU83,AW$6,AW$5,0),"") | AZ83: =IF(AU83<=AW$6,AW$9,"") | BA83: =IF(AU83<=AW$6,SUM(AX83:AZ83),"") | BD83: =IF(BD82<BF$6,BD82+1,"") -> 68 | BE83: =IF(BD83<=BF$6,EDATE($D$10,BD83),"") -> 48380 | BF83: =IF(BD83<=BF$6,BF82-BG83,"") -> 1048932.4 | BG83: =IF(BD83<=BF$6,-PPMT(BF$7/12,BD83,BF$6,BF$5,0),"") -> 2858.8928 | BH83: =IF(BD83<=BF$6,-IPMT(BF$7/12,BD83,BF$6,BF$5,0),"") -> 8326.6814 | BI83: =IF(BD83<=BF$6,BF$9,"") -> 0 | BJ83: =IF(BD83<=BF$6,SUM(BG83:BI83),"") -> 11185.574 | BM83: =IF(BM82<BO$6,BM82+1,"") -> 68 | BN83: =IF(BM83<=BO$6,EDATE($D$10,BM83),"") -> 48380 | BO83: =IF(BM83<=BO$6,BO82-BP83,"") -> 51874.364 | BP83: =IF(BM83<=BO$6,-PPMT(BO$7/12,BM83,BO$6,BO$5,0),"") -> 150.88025 | BQ83: =IF(BM83<=BO$6,-IPMT(BO$7/12,BM83,BO$6,BO$5,0),"") -> 379.31172 | BR83: =IF(BM83<=BO$6,BO$9,"") -> 0 | BS83: =IF(BM83<=BO$6,SUM(BP83:BR83),"") -> 530.19197 | BV83: =IF(BV82<BX$6,BV82+1,"") -> 68 | BW83: =IF(BV83<=BX$6,EDATE($D$10,BV83),"") -> 48380 | BX83: =IF(BV83<=BX$6,BX82-BY83,"") -> 51878.199 | BY83: =IF(BV83<=BX$6,-PPMT(BX$7/12,BV83,BX$6,BX$5,0),"") -> 150.82782 | BZ83: =IF(BV83<=BX$6,-IPMT(BX$7/12,BV83,BX$6,BX$5,0),"") -> 379.55175 | CA83: =IF(BV83<=BX$6,BX$9,"") -> 0 | CB83: =IF(BV83<=BX$6,SUM(BY83:CA83),"") -> 530.37957
B84: =IF(B83<D$6,B83+1,"") | C84: =IF(B84<=D$6,EDATE($D$10,B84),"") | D84: =IF(B84<=D$6,D83-E84,"") | E84: =IF(B84<=D$6,-PPMT(D$7/12,B84,D$6,D$5,0),"") | F84: =IF(B84<=D$6,-IPMT(D$7/12,B84,D$6,D$5,0),"") | G84: =IF(B84<=D$6,D$9,"") | H84: =IF(B84<=D$6,SUM(E84:G84),"") | K84: =IF(K83<M$6,K83+1,"") | L84: =IF(K84<=M$6,EDATE($D$10,K84),"") | M84: =IF(K84<=M$6,M83-N84,"") | N84: =IF(K84<=M$6,-PPMT(M$7/12,K84,M$6,M$5,0),"") | O84: =IF(K84<=M$6,-IPMT(M$7/12,K84,M$6,M$5,0),"") | P84: =IF(K84<=M$6,M$9,"") | Q84: =IF(K84<=M$6,SUM(N84:P84),"") | T84: =IF(T83<V$6,T83+1,"") | U84: =IF(T84<=V$6,EDATE($D$10,T84),"") | V84: =IF(T84<=V$6,V83-W84,"") | W84: =IF(T84<=V$6,-PPMT(V$7/12,T84,V$6,V$5,0),"") | X84: =IF(T84<=V$6,-IPMT(V$7/12,T84,V$6,V$5,0),"") | Y84: =IF(T84<=V$6,V$9,"") | Z84: =IF(T84<=V$6,SUM(W84:Y84),"") | AC84: =IF(AC83<AE$6,AC83+1,"") | AD84: =IF(AC84<=AE$6,EDATE($D$10,AC84),"") | AE84: =IF(AC84<=AE$6,AE83-AF84,"") | AF84: =IF(AC84<=AE$6,-PPMT(AE$7/12,AC84,AE$6,AE$5,0),"") | AG84: =IF(AC84<=AE$6,-IPMT(AE$7/12,AC84,AE$6,AE$5,0),"") | AH84: =IF(AC84<=AE$6,AE$9,"") | AI84: =IF(AC84<=AE$6,SUM(AF84:AH84),"") | AL84: =IF(AL83<AN$6,AL83+1,"") | AM84: =IF(AL84<=AN$6,EDATE($D$10,AL84),"") | AN84: =IF(AL84<=AN$6,AN83-AO84,"") | AO84: =IF(AL84<=AN$6,-PPMT(AN$7/12,AL84,AN$6,AN$5,0),"") | AP84: =IF(AL84<=AN$6,-IPMT(AN$7/12,AL84,AN$6,AN$5,0),"") | AQ84: =IF(AL84<=AN$6,AN$9,"") | AR84: =IF(AL84<=AN$6,SUM(AO84:AQ84),"") | AU84: =IF(AU83<AW$6,AU83+1,"") | AV84: =IF(AU84<=AW$6,EDATE($D$10,AU84),"") | AW84: =IF(AU84<=AW$6,AW83-AX84,"") | AX84: =IF(AU84<=AW$6,-PPMT(AW$7/12,AU84,AW$6,AW$5,0),"") | AY84: =IF(AU84<=AW$6,-IPMT(AW$7/12,AU84,AW$6,AW$5,0),"") | AZ84: =IF(AU84<=AW$6,AW$9,"") | BA84: =IF(AU84<=AW$6,SUM(AX84:AZ84),"") | BD84: =IF(BD83<BF$6,BD83+1,"") -> 69 | BE84: =IF(BD84<=BF$6,EDATE($D$10,BD84),"") -> 48410 | BF84: =IF(BD84<=BF$6,BF83-BG84,"") -> 1046050.9 | BG84: =IF(BD84<=BF$6,-PPMT(BF$7/12,BD84,BF$6,BF$5,0),"") -> 2881.5257 | BH84: =IF(BD84<=BF$6,-IPMT(BF$7/12,BD84,BF$6,BF$5,0),"") -> 8304.0485 | BI84: =IF(BD84<=BF$6,BF$9,"") -> 0 | BJ84: =IF(BD84<=BF$6,SUM(BG84:BI84),"") -> 11185.574 | BM84: =IF(BM83<BO$6,BM83+1,"") -> 69 | BN84: =IF(BM84<=BO$6,EDATE($D$10,BM84),"") -> 48410 | BO84: =IF(BM84<=BO$6,BO83-BP84,"") -> 51722.384 | BP84: =IF(BM84<=BO$6,-PPMT(BO$7/12,BM84,BO$6,BO$5,0),"") -> 151.9803 | BQ84: =IF(BM84<=BO$6,-IPMT(BO$7/12,BM84,BO$6,BO$5,0),"") -> 378.21167 | BR84: =IF(BM84<=BO$6,BO$9,"") -> 0 | BS84: =IF(BM84<=BO$6,SUM(BP84:BR84),"") -> 530.19197 | BV84: =IF(BV83<BX$6,BV83+1,"") -> 69 | BW84: =IF(BV84<=BX$6,EDATE($D$10,BV84),"") -> 48410 | BX84: =IF(BV84<=BX$6,BX83-BY84,"") -> 51726.271 | BY84: =IF(BV84<=BX$6,-PPMT(BX$7/12,BV84,BX$6,BX$5,0),"") -> 151.92811 | BZ84: =IF(BV84<=BX$6,-IPMT(BX$7/12,BV84,BX$6,BX$5,0),"") -> 378.45146 | CA84: =IF(BV84<=BX$6,BX$9,"") -> 0 | CB84: =IF(BV84<=BX$6,SUM(BY84:CA84),"") -> 530.37957
B85: =IF(B84<D$6,B84+1,"") | C85: =IF(B85<=D$6,EDATE($D$10,B85),"") | D85: =IF(B85<=D$6,D84-E85,"") | E85: =IF(B85<=D$6,-PPMT(D$7/12,B85,D$6,D$5,0),"") | F85: =IF(B85<=D$6,-IPMT(D$7/12,B85,D$6,D$5,0),"") | G85: =IF(B85<=D$6,D$9,"") | H85: =IF(B85<=D$6,SUM(E85:G85),"") | K85: =IF(K84<M$6,K84+1,"") | L85: =IF(K85<=M$6,EDATE($D$10,K85),"") | M85: =IF(K85<=M$6,M84-N85,"") | N85: =IF(K85<=M$6,-PPMT(M$7/12,K85,M$6,M$5,0),"") | O85: =IF(K85<=M$6,-IPMT(M$7/12,K85,M$6,M$5,0),"") | P85: =IF(K85<=M$6,M$9,"") | Q85: =IF(K85<=M$6,SUM(N85:P85),"") | T85: =IF(T84<V$6,T84+1,"") | U85: =IF(T85<=V$6,EDATE($D$10,T85),"") | V85: =IF(T85<=V$6,V84-W85,"") | W85: =IF(T85<=V$6,-PPMT(V$7/12,T85,V$6,V$5,0),"") | X85: =IF(T85<=V$6,-IPMT(V$7/12,T85,V$6,V$5,0),"") | Y85: =IF(T85<=V$6,V$9,"") | Z85: =IF(T85<=V$6,SUM(W85:Y85),"") | AC85: =IF(AC84<AE$6,AC84+1,"") | AD85: =IF(AC85<=AE$6,EDATE($D$10,AC85),"") | AE85: =IF(AC85<=AE$6,AE84-AF85,"") | AF85: =IF(AC85<=AE$6,-PPMT(AE$7/12,AC85,AE$6,AE$5,0),"") | AG85: =IF(AC85<=AE$6,-IPMT(AE$7/12,AC85,AE$6,AE$5,0),"") | AH85: =IF(AC85<=AE$6,AE$9,"") | AI85: =IF(AC85<=AE$6,SUM(AF85:AH85),"") | AL85: =IF(AL84<AN$6,AL84+1,"") | AM85: =IF(AL85<=AN$6,EDATE($D$10,AL85),"") | AN85: =IF(AL85<=AN$6,AN84-AO85,"") | AO85: =IF(AL85<=AN$6,-PPMT(AN$7/12,AL85,AN$6,AN$5,0),"") | AP85: =IF(AL85<=AN$6,-IPMT(AN$7/12,AL85,AN$6,AN$5,0),"") | AQ85: =IF(AL85<=AN$6,AN$9,"") | AR85: =IF(AL85<=AN$6,SUM(AO85:AQ85),"") | AU85: =IF(AU84<AW$6,AU84+1,"") | AV85: =IF(AU85<=AW$6,EDATE($D$10,AU85),"") | AW85: =IF(AU85<=AW$6,AW84-AX85,"") | AX85: =IF(AU85<=AW$6,-PPMT(AW$7/12,AU85,AW$6,AW$5,0),"") | AY85: =IF(AU85<=AW$6,-IPMT(AW$7/12,AU85,AW$6,AW$5,0),"") | AZ85: =IF(AU85<=AW$6,AW$9,"") | BA85: =IF(AU85<=AW$6,SUM(AX85:AZ85),"") | BD85: =IF(BD84<BF$6,BD84+1,"") -> 70 | BE85: =IF(BD85<=BF$6,EDATE($D$10,BD85),"") -> 48441 | BF85: =IF(BD85<=BF$6,BF84-BG85,"") -> 1043146.6 | BG85: =IF(BD85<=BF$6,-PPMT(BF$7/12,BD85,BF$6,BF$5,0),"") -> 2904.3378 | BH85: =IF(BD85<=BF$6,-IPMT(BF$7/12,BD85,BF$6,BF$5,0),"") -> 8281.2364 | BI85: =IF(BD85<=BF$6,BF$9,"") -> 0 | BJ85: =IF(BD85<=BF$6,SUM(BG85:BI85),"") -> 11185.574 | BM85: =IF(BM84<BO$6,BM84+1,"") -> 70 | BN85: =IF(BM85<=BO$6,EDATE($D$10,BM85),"") -> 48441 | BO85: =IF(BM85<=BO$6,BO84-BP85,"") -> 51569.296 | BP85: =IF(BM85<=BO$6,-PPMT(BO$7/12,BM85,BO$6,BO$5,0),"") -> 153.08838 | BQ85: =IF(BM85<=BO$6,-IPMT(BO$7/12,BM85,BO$6,BO$5,0),"") -> 377.10359 | BR85: =IF(BM85<=BO$6,BO$9,"") -> 0 | BS85: =IF(BM85<=BO$6,SUM(BP85:BR85),"") -> 530.19197 | BV85: =IF(BV84<BX$6,BV84+1,"") -> 70 | BW85: =IF(BV85<=BX$6,EDATE($D$10,BV85),"") -> 48441 | BX85: =IF(BV85<=BX$6,BX84-BY85,"") -> 51573.234 | BY85: =IF(BV85<=BX$6,-PPMT(BX$7/12,BV85,BX$6,BX$5,0),"") -> 153.03643 | BZ85: =IF(BV85<=BX$6,-IPMT(BX$7/12,BV85,BX$6,BX$5,0),"") -> 377.34315 | CA85: =IF(BV85<=BX$6,BX$9,"") -> 0 | CB85: =IF(BV85<=BX$6,SUM(BY85:CA85),"") -> 530.37957
B86: =IF(B85<D$6,B85+1,"") | C86: =IF(B86<=D$6,EDATE($D$10,B86),"") | D86: =IF(B86<=D$6,D85-E86,"") | E86: =IF(B86<=D$6,-PPMT(D$7/12,B86,D$6,D$5,0),"") | F86: =IF(B86<=D$6,-IPMT(D$7/12,B86,D$6,D$5,0),"") | G86: =IF(B86<=D$6,D$9,"") | H86: =IF(B86<=D$6,SUM(E86:G86),"") | K86: =IF(K85<M$6,K85+1,"") | L86: =IF(K86<=M$6,EDATE($D$10,K86),"") | M86: =IF(K86<=M$6,M85-N86,"") | N86: =IF(K86<=M$6,-PPMT(M$7/12,K86,M$6,M$5,0),"") | O86: =IF(K86<=M$6,-IPMT(M$7/12,K86,M$6,M$5,0),"") | P86: =IF(K86<=M$6,M$9,"") | Q86: =IF(K86<=M$6,SUM(N86:P86),"") | T86: =IF(T85<V$6,T85+1,"") | U86: =IF(T86<=V$6,EDATE($D$10,T86),"") | V86: =IF(T86<=V$6,V85-W86,"") | W86: =IF(T86<=V$6,-PPMT(V$7/12,T86,V$6,V$5,0),"") | X86: =IF(T86<=V$6,-IPMT(V$7/12,T86,V$6,V$5,0),"") | Y86: =IF(T86<=V$6,V$9,"") | Z86: =IF(T86<=V$6,SUM(W86:Y86),"") | AC86: =IF(AC85<AE$6,AC85+1,"") | AD86: =IF(AC86<=AE$6,EDATE($D$10,AC86),"") | AE86: =IF(AC86<=AE$6,AE85-AF86,"") | AF86: =IF(AC86<=AE$6,-PPMT(AE$7/12,AC86,AE$6,AE$5,0),"") | AG86: =IF(AC86<=AE$6,-IPMT(AE$7/12,AC86,AE$6,AE$5,0),"") | AH86: =IF(AC86<=AE$6,AE$9,"") | AI86: =IF(AC86<=AE$6,SUM(AF86:AH86),"") | AL86: =IF(AL85<AN$6,AL85+1,"") | AM86: =IF(AL86<=AN$6,EDATE($D$10,AL86),"") | AN86: =IF(AL86<=AN$6,AN85-AO86,"") | AO86: =IF(AL86<=AN$6,-PPMT(AN$7/12,AL86,AN$6,AN$5,0),"") | AP86: =IF(AL86<=AN$6,-IPMT(AN$7/12,AL86,AN$6,AN$5,0),"") | AQ86: =IF(AL86<=AN$6,AN$9,"") | AR86: =IF(AL86<=AN$6,SUM(AO86:AQ86),"") | AU86: =IF(AU85<AW$6,AU85+1,"") | AV86: =IF(AU86<=AW$6,EDATE($D$10,AU86),"") | AW86: =IF(AU86<=AW$6,AW85-AX86,"") | AX86: =IF(AU86<=AW$6,-PPMT(AW$7/12,AU86,AW$6,AW$5,0),"") | AY86: =IF(AU86<=AW$6,-IPMT(AW$7/12,AU86,AW$6,AW$5,0),"") | AZ86: =IF(AU86<=AW$6,AW$9,"") | BA86: =IF(AU86<=AW$6,SUM(AX86:AZ86),"") | BD86: =IF(BD85<BF$6,BD85+1,"") -> 71 | BE86: =IF(BD86<=BF$6,EDATE($D$10,BD86),"") -> 48472 | BF86: =IF(BD86<=BF$6,BF85-BG86,"") -> 1040219.3 | BG86: =IF(BD86<=BF$6,-PPMT(BF$7/12,BD86,BF$6,BF$5,0),"") -> 2927.3305 | BH86: =IF(BD86<=BF$6,-IPMT(BF$7/12,BD86,BF$6,BF$5,0),"") -> 8258.2438 | BI86: =IF(BD86<=BF$6,BF$9,"") -> 0 | BJ86: =IF(BD86<=BF$6,SUM(BG86:BI86),"") -> 11185.574 | BM86: =IF(BM85<BO$6,BM85+1,"") -> 71 | BN86: =IF(BM86<=BO$6,EDATE($D$10,BM86),"") -> 48472 | BO86: =IF(BM86<=BO$6,BO85-BP86,"") -> 51415.091 | BP86: =IF(BM86<=BO$6,-PPMT(BO$7/12,BM86,BO$6,BO$5,0),"") -> 154.20453 | BQ86: =IF(BM86<=BO$6,-IPMT(BO$7/12,BM86,BO$6,BO$5,0),"") -> 375.98744 | BR86: =IF(BM86<=BO$6,BO$9,"") -> 0 | BS86: =IF(BM86<=BO$6,SUM(BP86:BR86),"") -> 530.19197 | BV86: =IF(BV85<BX$6,BV85+1,"") -> 71 | BW86: =IF(BV86<=BX$6,EDATE($D$10,BV86),"") -> 48472 | BX86: =IF(BV86<=BX$6,BX85-BY86,"") -> 51419.082 | BY86: =IF(BV86<=BX$6,-PPMT(BX$7/12,BV86,BX$6,BX$5,0),"") -> 154.15283 | BZ86: =IF(BV86<=BX$6,-IPMT(BX$7/12,BV86,BX$6,BX$5,0),"") -> 376.22675 | CA86: =IF(BV86<=BX$6,BX$9,"") -> 0 | CB86: =IF(BV86<=BX$6,SUM(BY86:CA86),"") -> 530.37957
B87: =IF(B86<D$6,B86+1,"") | C87: =IF(B87<=D$6,EDATE($D$10,B87),"") | D87: =IF(B87<=D$6,D86-E87,"") | E87: =IF(B87<=D$6,-PPMT(D$7/12,B87,D$6,D$5,0),"") | F87: =IF(B87<=D$6,-IPMT(D$7/12,B87,D$6,D$5,0),"") | G87: =IF(B87<=D$6,D$9,"") | H87: =IF(B87<=D$6,SUM(E87:G87),"") | K87: =IF(K86<M$6,K86+1,"") | L87: =IF(K87<=M$6,EDATE($D$10,K87),"") | M87: =IF(K87<=M$6,M86-N87,"") | N87: =IF(K87<=M$6,-PPMT(M$7/12,K87,M$6,M$5,0),"") | O87: =IF(K87<=M$6,-IPMT(M$7/12,K87,M$6,M$5,0),"") | P87: =IF(K87<=M$6,M$9,"") | Q87: =IF(K87<=M$6,SUM(N87:P87),"") | T87: =IF(T86<V$6,T86+1,"") | U87: =IF(T87<=V$6,EDATE($D$10,T87),"") | V87: =IF(T87<=V$6,V86-W87,"") | W87: =IF(T87<=V$6,-PPMT(V$7/12,T87,V$6,V$5,0),"") | X87: =IF(T87<=V$6,-IPMT(V$7/12,T87,V$6,V$5,0),"") | Y87: =IF(T87<=V$6,V$9,"") | Z87: =IF(T87<=V$6,SUM(W87:Y87),"") | AC87: =IF(AC86<AE$6,AC86+1,"") | AD87: =IF(AC87<=AE$6,EDATE($D$10,AC87),"") | AE87: =IF(AC87<=AE$6,AE86-AF87,"") | AF87: =IF(AC87<=AE$6,-PPMT(AE$7/12,AC87,AE$6,AE$5,0),"") | AG87: =IF(AC87<=AE$6,-IPMT(AE$7/12,AC87,AE$6,AE$5,0),"") | AH87: =IF(AC87<=AE$6,AE$9,"") | AI87: =IF(AC87<=AE$6,SUM(AF87:AH87),"") | AL87: =IF(AL86<AN$6,AL86+1,"") | AM87: =IF(AL87<=AN$6,EDATE($D$10,AL87),"") | AN87: =IF(AL87<=AN$6,AN86-AO87,"") | AO87: =IF(AL87<=AN$6,-PPMT(AN$7/12,AL87,AN$6,AN$5,0),"") | AP87: =IF(AL87<=AN$6,-IPMT(AN$7/12,AL87,AN$6,AN$5,0),"") | AQ87: =IF(AL87<=AN$6,AN$9,"") | AR87: =IF(AL87<=AN$6,SUM(AO87:AQ87),"") | AU87: =IF(AU86<AW$6,AU86+1,"") | AV87: =IF(AU87<=AW$6,EDATE($D$10,AU87),"") | AW87: =IF(AU87<=AW$6,AW86-AX87,"") | AX87: =IF(AU87<=AW$6,-PPMT(AW$7/12,AU87,AW$6,AW$5,0),"") | AY87: =IF(AU87<=AW$6,-IPMT(AW$7/12,AU87,AW$6,AW$5,0),"") | AZ87: =IF(AU87<=AW$6,AW$9,"") | BA87: =IF(AU87<=AW$6,SUM(AX87:AZ87),"") | BD87: =IF(BD86<BF$6,BD86+1,"") -> 72 | BE87: =IF(BD87<=BF$6,EDATE($D$10,BD87),"") -> 48502 | BF87: =IF(BD87<=BF$6,BF86-BG87,"") -> 1037268.7 | BG87: =IF(BD87<=BF$6,-PPMT(BF$7/12,BD87,BF$6,BF$5,0),"") -> 2950.5052 | BH87: =IF(BD87<=BF$6,-IPMT(BF$7/12,BD87,BF$6,BF$5,0),"") -> 8235.0691 | BI87: =IF(BD87<=BF$6,BF$9,"") -> 0 | BJ87: =IF(BD87<=BF$6,SUM(BG87:BI87),"") -> 11185.574 | BM87: =IF(BM86<BO$6,BM86+1,"") -> 72 | BN87: =IF(BM87<=BO$6,EDATE($D$10,BM87),"") -> 48502 | BO87: =IF(BM87<=BO$6,BO86-BP87,"") -> 51259.762 | BP87: =IF(BM87<=BO$6,-PPMT(BO$7/12,BM87,BO$6,BO$5,0),"") -> 155.32883 | BQ87: =IF(BM87<=BO$6,-IPMT(BO$7/12,BM87,BO$6,BO$5,0),"") -> 374.86314 | BR87: =IF(BM87<=BO$6,BO$9,"") -> 0 | BS87: =IF(BM87<=BO$6,SUM(BP87:BR87),"") -> 530.19197 | BV87: =IF(BV86<BX$6,BV86+1,"") -> 72 | BW87: =IF(BV87<=BX$6,EDATE($D$10,BV87),"") -> 48502 | BX87: =IF(BV87<=BX$6,BX86-BY87,"") -> 51263.804 | BY87: =IF(BV87<=BX$6,-PPMT(BX$7/12,BV87,BX$6,BX$5,0),"") -> 155.27737 | BZ87: =IF(BV87<=BX$6,-IPMT(BX$7/12,BV87,BX$6,BX$5,0),"") -> 375.1022 | CA87: =IF(BV87<=BX$6,BX$9,"") -> 0 | CB87: =IF(BV87<=BX$6,SUM(BY87:CA87),"") -> 530.37957
... B379: =IF(B378<D$6,B378+1,"") | C379: =IF(B379<=D$6,EDATE($D$10,B379),"") | D379: =IF(B379<=D$6,D378-E379,"") | E379: =IF(B379<=D$6,-PPMT(D$7/12,B379,D$6,D$5,0),"") | F379: =IF(B379<=D$6,-IPMT(D$7/12,B379,D$6,D$5,0),"") | G379: =IF(B379<=D$6,D$9,"") | H379: =IF(B379<=D$6,SUM(E379:G379),"") | K379: =IF(K378<M$6,K378+1,"") | L379: =IF(K379<=M$6,EDATE($D$10,K379),"") | M379: =IF(K379<=M$6,M378-N379,"") | N379: =IF(K379<=M$6,-PPMT(M$7/12,K379,M$6,M$5,0),"") | O379: =IF(K379<=M$6,-IPMT(M$7/12,K379,M$6,M$5,0),"") | P379: =IF(K379<=M$6,M$9,"") | Q379: =IF(K379<=M$6,SUM(N379:P379),"") | T379: =IF(T378<V$6,T378+1,"") | U379: =IF(T379<=V$6,EDATE($D$10,T379),"") | V379: =IF(T379<=V$6,V378-W379,"") | W379: =IF(T379<=V$6,-PPMT(V$7/12,T379,V$6,V$5,0),"") | X379: =IF(T379<=V$6,-IPMT(V$7/12,T379,V$6,V$5,0),"") | Y379: =IF(T379<=V$6,V$9,"") | Z379: =IF(T379<=V$6,SUM(W379:Y379),"") | AC379: =IF(AC378<AE$6,AC378+1,"") | AD379: =IF(AC379<=AE$6,EDATE($D$10,AC379),"") | AE379: =IF(AC379<=AE$6,AE378-AF379,"") | AF379: =IF(AC379<=AE$6,-PPMT(AE$7/12,AC379,AE$6,AE$5,0),"") | AG379: =IF(AC379<=AE$6,-IPMT(AE$7/12,AC379,AE$6,AE$5,0),"") | AH379: =IF(AC379<=AE$6,AE$9,"") | AI379: =IF(AC379<=AE$6,SUM(AF379:AH379),"") | AL379: =IF(AL378<AN$6,AL378+1,"") | AM379: =IF(AL379<=AN$6,EDATE($D$10,AL379),"") | AN379: =IF(AL379<=AN$6,AN378-AO379,"") | AO379: =IF(AL379<=AN$6,-PPMT(AN$7/12,AL379,AN$6,AN$5,0),"") | AP379: =IF(AL379<=AN$6,-IPMT(AN$7/12,AL379,AN$6,AN$5,0),"") | AQ379: =IF(AL379<=AN$6,AN$9,"") | AR379: =IF(AL379<=AN$6,SUM(AO379:AQ379),"") | AU379: =IF(AU378<AW$6,AU378+1,"") | AV379: =IF(AU379<=AW$6,EDATE($D$10,AU379),"") | AW379: =IF(AU379<=AW$6,AW378-AX379,"") | AX379: =IF(AU379<=AW$6,-PPMT(AW$7/12,AU379,AW$6,AW$5,0),"") | AY379: =IF(AU379<=AW$6,-IPMT(AW$7/12,AU379,AW$6,AW$5,0),"") | AZ379: =IF(AU379<=AW$6,AW$9,"") | BA379: =IF(AU379<=AW$6,SUM(AX379:AZ379),"") | BD379: =IF(BD378<BF$6,BD378+1,"") | BE379: =IF(BD379<=BF$6,EDATE($D$10,BD379),"") | BF379: =IF(BD379<=BF$6,BF378-BG379,"") | BG379: =IF(BD379<=BF$6,-PPMT(BF$7/12,BD379,BF$6,BF$5,0),"") | BH379: =IF(BD379<=BF$6,-IPMT(BF$7/12,BD379,BF$6,BF$5,0),"") | BI379: =IF(BD379<=BF$6,BF$9,"") | BJ379: =IF(BD379<=BF$6,SUM(BG379:BI379),"") | BM379: =IF(BM378<BO$6,BM378+1,"") | BN379: =IF(BM379<=BO$6,EDATE($D$10,BM379),"") | BO379: =IF(BM379<=BO$6,BO378-BP379,"") | BP379: =IF(BM379<=BO$6,-PPMT(BO$7/12,BM379,BO$6,BO$5,0),"") | BQ379: =IF(BM379<=BO$6,-IPMT(BO$7/12,BM379,BO$6,BO$5,0),"") | BR379: =IF(BM379<=BO$6,BO$9,"") | BS379: =IF(BM379<=BO$6,SUM(BP379:BR379),"") | BV379: =IF(BV378<BX$6,BV378+1,"") | BW379: =IF(BV379<=BX$6,EDATE($D$10,BV379),"") | BX379: =IF(BV379<=BX$6,BX378-BY379,"") | BY379: =IF(BV379<=BX$6,-PPMT(BX$7/12,BV379,BX$6,BX$5,0),"") | BZ379: =IF(BV379<=BX$6,-IPMT(BX$7/12,BV379,BX$6,BX$5,0),"") | CA379: =IF(BV379<=BX$6,BX$9,"") | CB379: =IF(BV379<=BX$6,SUM(BY379:CA379),"")
B380: =IF(B379<D$6,B379+1,"") | C380: =IF(B380<=D$6,EDATE($D$10,B380),"") | D380: =IF(B380<=D$6,D379-E380,"") | E380: =IF(B380<=D$6,-PPMT(D$7/12,B380,D$6,D$5,0),"") | F380: =IF(B380<=D$6,-IPMT(D$7/12,B380,D$6,D$5,0),"") | G380: =IF(B380<=D$6,D$9,"") | H380: =IF(B380<=D$6,SUM(E380:G380),"")
B381: =IF(B380<D$6,B380+1,"") | C381: =IF(B381<=D$6,EDATE($D$10,B381),"") | D381: =IF(B381<=D$6,D380-E381,"") | E381: =IF(B381<=D$6,-PPMT(D$7/12,B381,D$6,D$5,0),"") | F381: =IF(B381<=D$6,-IPMT(D$7/12,B381,D$6,D$5,0),"") | G381: =IF(B381<=D$6,D$9,"") | H381: =IF(B381<=D$6,SUM(E381:G381),"")
B382: =IF(B381<D$6,B381+1,"") | C382: =IF(B382<=D$6,EDATE($D$10,B382),"") | D382: =IF(B382<=D$6,D381-E382,"") | E382: =IF(B382<=D$6,-PPMT(D$7/12,B382,D$6,D$5,0),"") | F382: =IF(B382<=D$6,-IPMT(D$7/12,B382,D$6,D$5,0),"") | G382: =IF(B382<=D$6,D$9,"") | H382: =IF(B382<=D$6,SUM(E382:G382),"")
B383: =IF(B382<D$6,B382+1,"") | C383: =IF(B383<=D$6,EDATE($D$10,B383),"") | D383: =IF(B383<=D$6,D382-E383,"") | E383: =IF(B383<=D$6,-PPMT(D$7/12,B383,D$6,D$5,0),"") | F383: =IF(B383<=D$6,-IPMT(D$7/12,B383,D$6,D$5,0),"") | G383: =IF(B383<=D$6,D$9,"") | H383: =IF(B383<=D$6,SUM(E383:G383),"")
B384: =IF(B383<D$6,B383+1,"") | C384: =IF(B384<=D$6,EDATE($D$10,B384),"") | D384: =IF(B384<=D$6,D383-E384,"") | E384: =IF(B384<=D$6,-PPMT(D$7/12,B384,D$6,D$5,0),"") | F384: =IF(B384<=D$6,-IPMT(D$7/12,B384,D$6,D$5,0),"") | G384: =IF(B384<=D$6,D$9,"") | H384: =IF(B384<=D$6,SUM(E384:G384),"")
B385: =IF(B384<D$6,B384+1,"") | C385: =IF(B385<=D$6,EDATE($D$10,B385),"") | D385: =IF(B385<=D$6,D384-E385,"") | E385: =IF(B385<=D$6,-PPMT(D$7/12,B385,D$6,D$5,0),"") | F385: =IF(B385<=D$6,-IPMT(D$7/12,B385,D$6,D$5,0),"") | G385: =IF(B385<=D$6,D$9,"") | H385: =IF(B385<=D$6,SUM(E385:G385),"")

Sheet Sheet1
A1: =HYPERLINK(A3,"Schimbarea LIBOR/EURIBOR/AIR6M") -> Schimbarea LIBOR/EURIBOR/AIR6M
A3: https://www.procreditbank.md/ro/LIBOR_EURIBOR_TDA_AIR12M_RO
